 Dungeon Crawl Stone Soup version 0.31-a0-152-g6aa68a64a1 (webtiles) character file.

Game seed: 15711132032217402726

330604 qw the Marksnaga (level 21, 135/135 HPs)
             Began as a Naga Hunter on June 10, 2023.
             Was an Elder of Okawaru.
             Quit the game on level 1 of the Depths.
             The game lasted 00:43:31 (42465 turns).

qw the Marksnaga (Naga Hunter)                     Turns: 42465, Time: 00:43:31

Health: 135/135    AC: 35    Str: 30    XL:     21   Next: 75%
Magic:  37/37      EV: 29    Int: 10    God:    Okawaru [****..]
Gold:   4849       SH:  5    Dex: 39    Spells: 20/20 levels left

rFire   . . .        a - +11 longbow of Compassion {freeze, Dex+2}
rCold   + + .        (shield currently unavailable)
rNeg    + . .        g - +5 ring mail "Piaqonau" {-Cast rC++ Str+4}
rPois   +            f - +2 helmet
rElec   .            w - +1 cloak of Baldness {Fly rN+ MP+9 Str+3}
rCorr   .            d - +0 pair of gloves of the Boiling Point {Str+6 Dex+3}
SInv    +            x - +4 barding
Will    ++...        z - amulet of reflection
Stlth   +++          s - +6 ring of dexterity
HPRegen 0.42/turn    v - +6 ring of dexterity
MPRegen 0.25/turn

%: no spellcasting, reflection
@: flying, bezotted, very slow
A: AC +7, large, see invisible, deformed body, poison resistance, slowness 2,
spit poison 1, naga tail 2
}: 2/15 runes: barnacled, gossamer
a: Spit Poison, Renounce Religion, Heroism, Finesse


You were on level 1 of the Depths.
You worshipped Okawaru.
Okawaru was greatly pleased with you.
You visited 8 branches of the dungeon, and saw 36 of its levels.

You collected 6794 gold pieces.
You spent 1945 gold pieces at shops.


Innate Abilities, Weirdness & Mutations

Your serpentine skin is tough. (AC +7)
You have supernaturally acute eyesight. (SInv)
Armour fits poorly on your strangely shaped body.
Your system is resistant to poisons. (rPois)
You cover ground very slowly.
You can spit poison.
You can use your snake-like lower body to constrict enemies.


   Skills:
 - Level 20.0 Fighting
 - Level 20.0 Ranged Weapons
 - Level 12.0 Armour
 + Level 17.2 Dodging
 - Level 1.5 Stealth
 - Level 10.0 Invocations


You had 20 spell levels left.
You didn't know any spells.
Your spell library was empty.

Inventory:

Hand Weapons
 a - the +11 longbow of Compassion (weapon) {freeze, Dex+2}
   (You acquired it on level 1 of the Dungeon)

   Dex:       It affects your dexterity (+2).
Armour
 b - the +0 ring mail "Otirghar" {rN+++ Will+ Str+3 Dex+3}
   (You bought it in a shop on level 2 of the Orcish Mines)

   Str:       It affects your strength (+3).
   Dex:       It affects your dexterity (+3).
   rN:        It renders you almost immune to negative energy.
   Will:      It increases your willpower.
 c - the +3 hat of Pondering {ponderous, Will+ MP+10 Int+5}
   (You found it on level 1 of the Vaults)

   Int:       It affects your intelligence (+5).
   MP:        It affects your magic capacity (+10).
   Will:      It increases your willpower.
 d - the +0 pair of gloves of the Boiling Point (worn) {Str+6 Dex+3}
   (You found it on level 3 of the Spider Nest)

   Str:       It affects your strength (+6).
   Dex:       It affects your dexterity (+3).
 f - a +2 helmet (worn)
 g - the +5 ring mail "Piaqonau" (worn) {-Cast rC++ Str+4}
   (You took it off a merfolk javelineer on level 4 of the Shoals)

   Str:       It affects your strength (+4).
   rC:        It greatly protects you from cold.
   -Cast:     It prevents spellcasting.
 q - a +2 robe of resistance
 t - a +2 barding of cold resistance
 w - the +1 cloak of Baldness (worn) {Fly rN+ MP+9 Str+3}
   (Okawaru gifted it to you on level 4 of the Vaults)

   Str:       It affects your strength (+3).
   rN:        It protects you from negative energy.
   MP:        It affects your magic capacity (+9).
   Fly:       It grants you flight.
 x - a +4 barding (worn)
Jewellery
 s - a +6 ring of dexterity (left hand)
 v - a +6 ring of dexterity (right hand)
 z - an amulet of reflection (around neck)
Wands
 n - a wand of digging (13)
Scrolls
 e - 4 scrolls of enchant weapon
 m - 18 scrolls of identify
Potions
 i - a potion of heal wounds
 j - 9 potions of haste
 k - 3 potions of cancellation
 l - 8 potions of curing
 o - a potion of might
 r - 7 potions of mutation
 u - 3 potions of magic

Dungeon Overview and Level Annotations

Branches:
Dungeon (15/15)            Temple (1/1) D:7            Lair (5/5) D:9
 Shoals (4/4) Lair:2       Spider (4/4) Lair:2        Slime (0/5) Lair:5
    Orc (2/2) D:11            Elf (0/3) Orc:2        Vaults (4/5) D:14
  Crypt (0/3) Vaults:2     Depths (1/4) D:15 Zot: 293

Altars:
Ashenzari
Cheibriados
Dithmenos
Elyvilon
Fedhas
Gozag
Hepliaklqana
Kikubaaqudgha
Makhleb
Nemelex Xobeh
Okawaru
Qazlal
Ru
Sif Muna
Trog
Uskayaw
Vehumet
Wu Jian
Xom
Yredelemnul
Zin
The Shining One
Jiyva

Shops:
D:3 :   D:4 :   D:12 :   Orc:2 [(=*   Shoals:2 :   Vaults:3 =

Portals:
Hell: Depths:1
Ziggurat: Depths:1

Annotations:
D:4 1 runed translucent door, Crazy Yiuf
D:7 3 runed translucent doors, qw's ghost, novice GrFi
D:12 1 runed translucent door, Shukka's ghost, journeyman MiBe
Lair:1 2 transporters
Lair:5 2 runed translucent doors
Orc:2 1 runed translucent door
Vaults:2 3 runed translucent doors, tamionv's ghost, adept GrFi


Message History

Enter note:
Enter note:
Enter note:
Enter note:
Enter note:
Enter note:
Enter note:
Enter note:
Enter note:
Enter note:
Enter note:
Enter note:
Enter note:
Enter note:
Enter note:
Enter note:
Enter note:
Enter note:
Enter note:
Enter note:
Enter note:
Enter note:
Enter note:
Enter note:
Enter note:
Enter note:
Enter note:
Enter note:
Enter note:
Enter note:
Enter note:
Enter note:
Enter note:
Enter note:
Enter note:
Enter note:
Enter note:
Enter note:
42464 ||| Stepping randomly (stuck).
Are you sure you want to abandon this character and quit the game? (Confirm with "yes".)

.......##.# #.##...###
~....####.#### #......'..
~~...#.......# ###....###
.....#.......# ########....# #
.....#[......#### #...........# #
.###....._......# #........######
.....#.......##.# #..........#...
.....#.......##.###.......##.#.##
.....#.......#..@.#..........#.#
#########.####....#.......####.#
........'....'.?..)........>./.##
#.#######....#....###.....#......
#......##....########'###.#.#####
#......####### #.......##.#.##...
##.....# #..)....+.##.#...#
.......# #.......#+##.#....
#......# #...............#.


There were no monsters in sight!

Vanquished Creatures
  Saint Roka (Vaults:4)
  Jorgrun (D:15)
  A lich (Depths:1)
  A kraken (Shoals:1)
  An ancient champion (Vaults:2)
  A sphinx (Vaults:3)
  Donald (Shoals:3)
  Roxanne (Shoals:1)
  5 emperor scorpions
  A frost giant (Depths:1)
  A fire giant (Depths:1)
  A tengu reaver (Depths:1)
  A curse skull (Vaults:2)
  4 ghost moths
  18 vault wardens
  4 formless jellyfish
  3 war gargoyles
  A stone giant (Depths:1)
  An orc warlord (Orc:2)
  3 broodmothers
  10 ironbound preservers
  11 ironbound thunderhulks
  Nessos (Lair:4)
  Azrael (D:15)
  5 spark wasps
  14 dire elephants
  6 merfolk impalers
  3 ettins
  A deep elf death mage (Vaults:2)
  Snorg (Lair:4)
  2 crystal guardians
  A fire dragon (Depths:1)
  Josephine (Lair:4)
  4 entropy weavers
  11 yaktaur captains
  4 merfolk javelineers (Shoals:4)
  10 hydras
  8 vault guards
  8 great orbs of eyes
  3 merfolk avatars
  4 peacekeepers
  4 radroaches
  An ogre mage (Vaults:4)
  13 centaur warriors
  8 jorogumos
  4 alligator snapping turtles
  A catoblepas (D:13)
  6 two-headed ogres
  5 ironbound frosthearts
  A death yak (D:15)
  4 merfolk aquamancers
  2 satyrs (Shoals:4)
  11 boulder beetles
  An alligator (shapeshifter) (Vaults:4)
  8 death scarabs (Spider:4)
  7 demonic crawlers
  An orc high priest (Orc:2)
  5 hell knights (Depths:1)
  2 spectral emperor scorpions (Spider:4)
  A titan skeleton (Depths:1)
  2 skysharks (Shoals:1)
  Lodul (D:14)
  2 sun moths
  8 pharaoh ants
  2 salamander mystics (Depths:1)
  A skeletal warrior (Vaults:2)
  A flayed ghost (Depths:1)
  11 sea snakes
  17 lindwurms
  19 deep trolls
  A glowing orange brain (Vaults:3)
  11 orb spiders
  3 orc knights (Orc:2)
  13 wizards
  Pikel (D:6)
  20 ironbound convokers
  A golden dragon skeleton (Depths:1)
  2 deep elf pyromancers (D:15)
  12 harpies
  11 steelbarb worms
  2 wolf spider zombies (Spider:4)
  2 necromancers
  A fire giant zombie (Depths:1)
  14 manticores
  12 fauns (Shoals:4)
  5 orc sorcerers
  38 ugly things
  18 wolf spiders
  5 salamanders (Depths:1)
  4 moths of wrath
  5 cyclopes
  A centaur zombie (D:15)
  18 elephants
  9 merfolk sirens
  5 water nymphs
  7 black mambas
  A naga mage (D:15)
  15 vault sentinels
  11 cane toads
  6 torpor snails
  3 molten gargoyles (Lair:5)
  2 gargoyles
  5 spectral redbacks (Spider:4)
  Psyche (D:9)
  3 kobold demonologists (D:12)
  59 yaktaurs
  An unseen horror (D:12)
  2 rime drakes
  2 efreet
  2 freezing wraiths
  2 tengu conjurers (D:14)
  15 komodo dragons
  11 trolls
  3 harpy zombies (Shoals:4)
  3 polar bears
  29 merfolk
  2 wind drakes
  29 tarantellas
  4 spectral tarantellas (Spider:4)
  6 meliai (Spider:3)
  10 snapping turtles
  A spectral jumping spider (Spider:4)
  12 blink frogs
  2 culicivora zombies (Spider:4)
  2 dream sheep (Shoals:4)
  A tarantella zombie (Spider:4)
  22 slime creatures
  A jumping spider zombie (Spider:4)
  39 jumping spiders
  11 water elementals
  5 wraiths
  26 culicivoras
  Sigmund (D:4)
  5 centaur simulacra (D:15)
  3 shadows
  A vampire (D:12)
  8 wyverns
  35 yaks
  3 fire elementals
  3 fire bats (Depths:1)
  2 steam dragons
  11 basilisks
  5 vampire mosquitoes
  63 redbacks
  A redback simulacrum (D:15)
  4 wargs
  An acid dragon (D:9)
  13 water moccasins
  A manticore zombie (Shoals:4)
  A meliai simulacrum (D:15)
  9 hell hounds
  3 ice beasts (D:15)
  A sky beast (D:8)
  33 orc warriors
  8 black bears
  17 ogres
  3 boggarts (D:15)
  13 wolves
  17 centaurs
  2 lemures (D:6)
  A phantom (D:11)
  Blork the orc (D:4)
  17 bullfrogs
  2 gnoll sergeants
  7 scorpions
  12 wights
  18 killer bees
  2 troll zombies (D:11)
  7 electric eels
  13 howler monkeys
  5 lava snakes (Lair:5)
  A hound (D:6)
  5 jellies
  A gnoll bouda (D:7)
  18 orc priests
  A sleepcap (D:5)
  4 iguanas
  24 orc wizards
  A boggart skeleton (D:15)
  6 ogre zombies (D:11)
  12 gnolls
  3 river rats (D:6)
  7 adders
  A shadow imp (D:7)
  7 white imps
  3 ufetubi
  3 worms
  6 dart slugs
  67 orcs
  5 ball pythons
  4 bats
  A bat zombie (Shoals:4)
  8 endoplasms
  7 giant cockroaches
  9 goblins
  8 hobgoblins
  7 jackals
  7 kobolds
  2 quokkas (D:5)
  6 frilled lizards
  2 goblin zombies (D:11)
  4 hobgoblin skeletons (D:11)
  2 hobgoblin zombies (D:11)
  3 orc skeletons (D:11)
  13 orc zombies (D:11)
  6 rats
  4 tentacles (Shoals:1)
1499 creatures vanquished.

Vanquished Creatures (others)
  An ironbound preserver (Vaults:4)
  A sea snake (Shoals:4)
  A merfolk (Shoals:4)
  A jumping spider (Spider:3)
  A human (D:4)
  An ufetubus (D:15)
  6 tentacles (Shoals:1)
12 creatures vanquished.

Grand Total: 1511 creatures vanquished

Notes
Turn   | Place    | Note
-------+----------+-------------------------------------------
     0 | D:1      | qw the Naga Hunter began the quest for the Orb.
     0 | D:1      | Reached XP level 1. HP: 19/19 MP: 1/1
     0 | D:1      | 0 ||| qw: Version: 0.2-a-123-gb51047a
     0 | D:1      | 0 ||| qw: Game counter: 3722
     0 | D:1      | 0 ||| qw: Always use a shield: true
     0 | D:1      | 0 ||| qw: God list: Okawaru
     0 | D:1      | 0 ||| qw: Allow faded altars: false
     0 | D:1      | 0 ||| qw: Do Orc after D:15 true
     0 | D:1      | 0 ||| qw: Do second Lair branch before Depths: true
     0 | D:1      | 0 ||| qw: Lair rune preference: random
     0 | D:1      | 0 ||| qw: Plans: Normal
     0 | D:1      | 0 ||| PLANNING D:1-11
     2 | D:1      | Noticed an armataur
     2 | D:1      | Noticed a naga
     4 | D:1      | Noticed a vampire
     4 | D:1      | Noticed a merfolk
     6 | D:1      | Noticed a troll
     8 | D:1      | Noticed a draconian
     8 | D:1      | Noticed a ghoul
    10 | D:1      | Noticed an ogre
    12 | D:1      | Noticed a human
    12 | D:1      | Noticed a demigod
    14 | D:1      | Noticed an octopode
    14 | D:1      | Noticed a demonspawn
    16 | D:1      | Noticed a felid
    16 | D:1      | Noticed a meteoran
    18 | D:1      | Noticed a formicid
    18 | D:1      | Noticed a tengu
    20 | D:1      | Noticed a vine stalker
    20 | D:1      | Noticed an elf
    22 | D:1      | Noticed a spriggan
    24 | D:1      | Noticed a minotaur
    24 | D:1      | Noticed a troll
    26 | D:1      | Noticed a demonspawn
    31 | D:1      | 31 ||| INVOKING Spit Poison.
    37 | D:1      | 37 ||| INVOKING Spit Poison.
    69 | D:1      | 69 ||| INVOKING Spit Poison.
    71 | D:1      | Reached XP level 2. HP: 26/26 MP: 2/2
    88 | D:1      | 88 ||| INVOKING Spit Poison.
    93 | D:1      | 93 ||| INVOKING Spit Poison.
   117 | D:1      | 117 ||| INVOKING Spit Poison.
   155 | D:1      | 155 ||| FLEEEEING.
   160 | D:1      | 160 ||| FLEEEEING.
   161 | D:1      | 161 ||| FLEEEEING.
   162 | D:1      | 162 ||| FLEEEEING.
   169 | D:1      | 169 ||| FLEEEEING.
   170 | D:1      | 170 ||| FLEEEEING.
   171 | D:1      | 171 ||| FLEEEEING.
   172 | D:1      | 172 ||| FLEEEEING.
   175 | D:1      | 175 ||| FLEEEEING.
   176 | D:1      | 176 ||| FLEEEEING.
   177 | D:1      | 177 ||| FLEEEEING.
   178 | D:1      | 178 ||| FLEEEEING.
   179 | D:1      | 179 ||| FLEEEEING.
   180 | D:1      | 180 ||| FLEEEEING.
   181 | D:1      | 181 ||| FLEEEEING.
   182 | D:1      | 182 ||| FLEEEEING.
   183 | D:1      | 183 ||| FLEEEEING.
   184 | D:1      | 184 ||| FLEEEEING.
   185 | D:1      | 185 ||| FLEEEEING.
   194 | D:1      | 194 ||| FLEEEEING.
   195 | D:1      | 195 ||| FLEEEEING.
   196 | D:1      | 196 ||| FLEEEEING.
   197 | D:1      | 197 ||| FLEEEEING.
   198 | D:1      | 198 ||| FLEEEEING.
   199 | D:1      | 199 ||| FLEEEEING.
   200 | D:1      | 200 ||| FLEEEEING.
   201 | D:1      | 201 ||| FLEEEEING.
   202 | D:1      | 202 ||| FLEEEEING.
   203 | D:1      | 203 ||| FLEEEEING.
   290 | D:1      | 290 ||| INVOKING Spit Poison.
   351 | D:1      | Reached XP level 3. HP: 29/32 MP: 3/3
   442 | D:1      | 442 ||| UPGRADING to +2 helmet.
   447 | D:1      | 447 ||| READING scroll labelled ZUIXAT GAATUNT.
   448 | D:1      | 448 ||| READING scroll labelled BETATHR JOSMEYRCH.
   449 | D:1      | 449 ||| READING scroll labelled SEROJE WOGUO.
   449 | D:1      | Identified a scroll of acquirement
   449 | D:1      | 449 ||| ACQUIRING +11 longbow of Compassion {freeze, Dex+2}
   449 | D:1      | Acquired the +11 longbow of Compassion {freeze, Dex+2}
   451 | D:1      | 451 ||| SWAPPING to +11 longbow of Compassion {freeze,
                  | Dex+2}.
   452 | D:1      | 452 ||| DROPPING +0 shortbow.
   453 | D:1      | 453 ||| DROPPING scroll of butterflies.
   485 | D:2      | 485 ||| INVOKING Spit Poison.
   488 | D:2      | 488 ||| INVOKING Spit Poison.
   538 | D:2      | 538 ||| INVOKING Spit Poison.
   579 | D:2      | 579 ||| INVOKING Spit Poison.
   792 | D:2      | 792 ||| INVOKING Spit Poison.
   876 | D:2      | 876 ||| INVOKING Spit Poison.
   881 | D:2      | 881 ||| INVOKING Spit Poison.
   882 | D:2      | 882 ||| INVOKING Spit Poison.
   885 | D:2      | 885 ||| INVOKING Spit Poison.
   966 | D:2      | 966 ||| UPGRADING to +0 pair of gloves.
   971 | D:2      | 971 ||| READING 2 scrolls labelled DERYBEXKIXIUSCH.
   972 | D:2      | 972 ||| READING scroll labelled EBBUNNUIS.
   976 | D:2      | 976 ||| READING 2 scrolls labelled OLAEXZYGOWK.
   977 | D:2      | 977 ||| DROPPING scroll of poison.
   978 | D:2      | 978 ||| DROPPING scroll of fog.
  1001 | D:3      | 1001 ||| INVOKING Spit Poison.
  1009 | D:3      | 1009 ||| INVOKING Spit Poison.
  1072 | D:3      | Reached XP level 4. HP: 39/39 MP: 4/4
  1072 | D:3      | 1072 ||| INVOKING Spit Poison.
  1081 | D:3      | 1081 ||| INVOKING Spit Poison.
  1164 | D:3      | 1164 ||| INVOKING Spit Poison.
  1252 | D:3      | 1252 ||| INVOKING Spit Poison.
  1342 | D:3      | 1342 ||| INVOKING Spit Poison.
  1352 | D:3      | Found Ybiekk's Book Boutique.
  1410 | D:3      | 1410 ||| INVOKING Spit Poison.
  1417 | D:3      | 1417 ||| INVOKING Spit Poison.
  1637 | D:3      | 1637 ||| READING 2 scrolls labelled YNKUBO OGEMP.
  1638 | D:3      | 1638 ||| READING scroll labelled AMIUMI TEYTOU.
  1639 | D:3      | 1639 ||| DRINKING 3 glowing sapphire potions.
  1640 | D:3      | 1640 ||| DRINKING 2 glowing clear potions.
  1647 | D:3      | 1647 ||| DRINKING 2 purple potions.
  1752 | D:3      | 1752 ||| DROPPING potion of ambrosia.
  1753 | D:3      | 1753 ||| DROPPING potion of berserk rage.
  1768 | D:4      | Found Sill's Book Emporium.
  1772 | D:4      | 1772 ||| INVOKING Spit Poison.
  1779 | D:4      | Reached skill level 3 in Fighting
  1779 | D:4      | Reached XP level 5. HP: 49/49 MP: 5/5
  1825 | D:4      | 1825 ||| INVOKING Spit Poison.
  1870 | D:4      | 1870 ||| INVOKING Spit Poison.
  1871 | D:4      | Noticed Blork the orc
  1876 | D:4      | 1876 ||| INVOKING Spit Poison.
  1877 | D:4      | Killed Blork the orc
  1939 | D:4      | 1939 ||| INVOKING Spit Poison.
  1985 | D:4      | Found an ancient bone altar of Kikubaaqudgha.
  1988 | D:4      | Noticed a human
  1990 | D:4      | Killed a human
  2031 | D:4      | 2031 ||| INVOKING Spit Poison.
  2053 | D:4      | Found a burning altar of Makhleb.
  2203 | D:4      | Reached skill level 6 in Ranged Weapons
  2203 | D:4      | Reached XP level 6. HP: 56/56 MP: 6/6
  2209 | D:4      | 2209 ||| INVOKING Spit Poison.
  2232 | D:4      | 2232 ||| INVOKING Spit Poison.
  2315 | D:4      | Noticed Sigmund
  2317 | D:4      | 2317 ||| INVOKING Spit Poison.
  2319 | D:4      | Killed Sigmund
  2320 | D:4      | Reached skill level 3 in Dodging
  2321 | D:4      | 2321 ||| INVOKING Spit Poison.
  2395 | D:4      | Found a runed translucent door.
  2396 | D:4      | Noticed Crazy Yiuf
  2514 | D:4      | 2514 ||| READING scroll labelled OTUCHU GAPPUW.
  2529 | D:5      | Entered Level 5 of the Dungeon
  2533 | D:5      | Reached XP level 7. HP: 63/63 MP: 7/7
  2534 | D:5      | 2534 ||| INVOKING Spit Poison.
  2537 | D:5      | 2537 ||| INVOKING Spit Poison.
  2605 | D:5      | 2605 ||| INVOKING Spit Poison.
  2645 | D:5      | 2645 ||| INVOKING Spit Poison.
  2651 | D:5      | 2651 ||| INVOKING Spit Poison.
  2675 | D:5      | 2675 ||| INVOKING Spit Poison.
  2698 | D:5      | 2698 ||| INVOKING Spit Poison.
  2708 | D:5      | 2708 ||| INVOKING Spit Poison.
  2732 | D:5      | Reached skill level 1 in Armour
  2732 | D:5      | Reached XP level 8. HP: 47/73 MP: 8/8
  3047 | D:5      | 3047 ||| UPGRADING to +0 cloak.
  3052 | D:5      | 3052 ||| DRINKING 2 fuming puce potions.
  3053 | D:5      | 3053 ||| READING 4 scrolls of identify.
  3053 | D:5      | 3053 ||| IDENTIFYING glowing dark potion
  3054 | D:5      | 3054 ||| READING 3 scrolls of identify.
  3054 | D:5      | 3054 ||| IDENTIFYING glowing blue potion
  3055 | D:5      | 3055 ||| READING 2 scrolls of identify.
  3055 | D:5      | 3055 ||| IDENTIFYING viscous silvery potion
  3056 | D:5      | 3056 ||| DROPPING potion of enlightenment.
  3057 | D:5      | 3057 ||| DROPPING potion of attraction.
  3078 | D:6      | 3078 ||| PLANNING SEWER
  3105 | D:6      | 3105 ||| INVOKING Spit Poison.
  3110 | D:6      | 3110 ||| INVOKING Spit Poison.
  3202 | D:6      | Found a bloodstained altar of Trog.
  3274 | D:6      | 3274 ||| INVOKING Spit Poison.
  3311 | D:6      | Reached skill level 9 in Ranged Weapons
  3330 | D:6      | Noticed Pikel
  3331 | D:6      | 3331 ||| INVOKING Spit Poison.
  3333 | D:6      | Reached XP level 9. HP: 81/81 MP: 9/9
  3334 | D:6      | 3334 ||| INVOKING Spit Poison.
  3338 | D:6      | Killed Pikel
  3494 | D:6      | Found a snail-covered altar of Cheibriados.
  3539 | D:6      | 3539 ||| INVOKING Spit Poison.
  3590 | D:6      | 3590 ||| INVOKING Spit Poison.
  3602 | D:6      | 3602 ||| INVOKING Spit Poison.
  3613 | D:6      | 3613 ||| INVOKING Spit Poison.
  3686 | D:6      | 3686 ||| RIP SEWER
  3732 | D:6      | 3732 ||| PLANNING D:1-11
  3733 | D:6      | 3733 ||| INVOKING Spit Poison.
  3765 | D:6      | 3765 ||| INVOKING Spit Poison.
  3858 | D:6      | 3858 ||| INVOKING Spit Poison.
  3878 | D:6      | 3878 ||| INVOKING Spit Poison.
  3884 | D:6      | 3884 ||| UPGRADING to +2 robe of resistance.
  3894 | D:6      | 3894 ||| DROPPING +0 leather armour.
  3895 | D:6      | 3895 ||| DROPPING +0 robe of positive energy.
  3896 | D:6      | 3896 ||| UPGRADING to +4 ring of protection.
  3897 | D:6      | 3897 ||| READING scroll labelled TAOMOCH ENIPNA.
  3898 | D:6      | 3898 ||| READING scroll labelled LYRCHE SEUKER.
  4020 | D:6      | 4020 ||| DRINKING 2 lumpy clear potions.
  4021 | D:6      | 4021 ||| DROPPING potion of magic.
  4068 | D:7      | 4068 ||| INVOKING Spit Poison.
  4112 | D:7      | 4112 ||| INVOKING Spit Poison.
  4177 | D:7      | Found a staircase to the Ecumenical Temple.
  4178 | D:7      | 4178 ||| PLANNING TEMPLE
  4186 | Temple   | Entered the Ecumenical Temple
  4224 | Temple   | 4224 ||| PLANNING OKAWARU WORSHIP
  4400 | Temple   | Became a worshipper of Warmaster Okawaru
  4400 | Temple   | 4400 ||| PLANNING D:1-11
  4414 | D:7      | Noticed qw's ghost (novice GrFi)
  4415 | D:7      | Identified the +6 plate armour of Cathud {Drain rPois rN+++
                  | Dex+3}
  4416 | D:7      | Found a runed translucent gate.
  4417 | D:7      | Found a runed translucent gate.
  4418 | D:7      | Found a runed translucent gate.
  4434 | D:7      | 4434 ||| INVOKING Spit Poison.
  4451 | D:7      | 4451 ||| INVOKING Spit Poison.
  4511 | D:7      | 4511 ||| INVOKING Spit Poison.
  4632 | D:7      | 4632 ||| INVOKING Spit Poison.
  4637 | D:7      | 4637 ||| INVOKING Spit Poison.
  4640 | D:7      | 4640 ||| INVOKING Spit Poison.
  4642 | D:7      | Reached XP level 10. HP: 89/94 MP: 10/10
  4644 | D:7      | 4644 ||| INVOKING Spit Poison.
  4649 | D:7      | 4649 ||| INVOKING Spit Poison.
  4653 | D:7      | 4653 ||| INVOKING Spit Poison.
  4659 | D:7      | 4659 ||| INVOKING Spit Poison.
  4662 | D:7      | 4662 ||| INVOKING Spit Poison.
  4693 | D:7      | 4693 ||| INVOKING Spit Poison.
  4694 | D:7      | Reached * piety under Okawaru
  4697 | D:7      | 4697 ||| INVOKING Spit Poison.
  4717 | D:7      | 4717 ||| INVOKING Spit Poison.
  4719 | D:7      | Reached skill level 1 in Invocations
  4722 | D:7      | 4722 ||| INVOKING Spit Poison.
  4743 | D:7      | 4743 ||| INVOKING Spit Poison.
  4750 | D:7      | 4750 ||| INVOKING Spit Poison.
  4755 | D:7      | 4755 ||| INVOKING Spit Poison.
  5113 | D:7      | 5113 ||| UPGRADING to ring of protection from cold.
  5114 | D:7      | 5114 ||| DROPPING ring of ice.
  5115 | D:7      | 5115 ||| READING 2 scrolls of identify.
  5115 | D:7      | 5115 ||| IDENTIFYING silvery potion
  5128 | D:8      | 5128 ||| INVOKING Spit Poison.
  5134 | D:8      | 5134 ||| INVOKING Spit Poison.
  5158 | D:8      | Found an ornate altar of the Wu Jian Council.
  5159 | D:8      | 5159 ||| INVOKING Spit Poison.
  5165 | D:8      | 5165 ||| INVOKING Spit Poison.
  5167 | D:8      | Reached skill level 3 in Invocations
  5432 | D:8      | 5432 ||| INVOKING Spit Poison.
  5435 | D:8      | 5435 ||| INVOKING Spit Poison.
  5441 | D:8      | 5441 ||| INVOKING Spit Poison.
  5460 | D:8      | Reached ** piety under Okawaru
  5468 | D:8      | 5468 ||| INVOKING Spit Poison.
  5495 | D:8      | Found a shimmering blue altar of Sif Muna.
  5511 | D:8      | 5511 ||| INVOKING Spit Poison.
  5514 | D:8      | 5514 ||| INVOKING Spit Poison.
  5551 | D:8      | 5551 ||| INVOKING Spit Poison.
  5554 | D:8      | 5554 ||| INVOKING Spit Poison.
  5558 | D:8      | 5558 ||| INVOKING Spit Poison.
  5561 | D:8      | 5561 ||| INVOKING Spit Poison.
  5645 | D:8      | 5645 ||| INVOKING Spit Poison.
  5856 | D:8      | 5856 ||| READING 3 scrolls of identify.
  5856 | D:8      | 5856 ||| IDENTIFYING emerald potion
  5857 | D:8      | 5857 ||| READING 2 scrolls of identify.
  5857 | D:8      | 5857 ||| IDENTIFYING inky potion
  5858 | D:8      | 5858 ||| DROPPING potion of brilliance.
  5884 | D:9      | 5884 ||| FLEEEEING.
  5887 | D:9      | 5887 ||| INVOKING Spit Poison.
  5946 | D:9      | 5946 ||| INVOKING Spit Poison.
  5947 | D:9      | 5947 ||| Stepping ~*~*~tactically~*~*~ (outnumbered).
  5949 | D:9      | 5949 ||| Stepping ~*~*~tactically~*~*~ (outnumbered).
  5951 | D:9      | 5951 ||| INVOKING Spit Poison.
  5957 | D:9      | 5957 ||| INVOKING Spit Poison.
  5959 | D:9      | 5959 ||| INVOKING Heroism.
  5960 | D:9      | 5960 ||| INVOKING Spit Poison.
  5962 | D:9      | 5962 ||| Stepping ~*~*~tactically~*~*~ (outnumbered).
  5966 | D:9      | 5966 ||| INVOKING Spit Poison.
  6051 | D:9      | 6051 ||| INVOKING Spit Poison.
  6054 | D:9      | 6054 ||| Stepping ~*~*~tactically~*~*~ (outnumbered).
  6056 | D:9      | 6056 ||| INVOKING Spit Poison.
  6062 | D:9      | 6062 ||| INVOKING Spit Poison.
  6134 | D:9      | Identified the +8 chain mail "Trusted Companion" {Will+}
  6163 | D:9      | 6163 ||| INVOKING Spit Poison.
  6168 | D:9      | 6168 ||| INVOKING Spit Poison.
  6171 | D:9      | 6171 ||| INVOKING Spit Poison.
  6175 | D:9      | Reached skill level 12 in Ranged Weapons
  6175 | D:9      | 6175 ||| INVOKING Spit Poison.
  6179 | D:9      | 6179 ||| INVOKING Spit Poison.
  6233 | D:9      | Noticed Psyche
  6234 | D:9      | 6234 ||| INVOKING Heroism.
  6237 | D:9      | 6237 ||| INVOKING Spit Poison.
  6239 | D:9      | Killed Psyche
  6240 | D:9      | Reached XP level 11. HP: 103/103 MP: 11/14
  6248 | D:9      | 6248 ||| INVOKING Spit Poison.
  6256 | D:9      | 6256 ||| INVOKING Spit Poison.
  6260 | D:9      | 6260 ||| INVOKING Spit Poison.
  6265 | D:9      | 6265 ||| INVOKING Spit Poison.
  6268 | D:9      | Reached *** piety under Okawaru
  6271 | D:9      | 6271 ||| INVOKING Spit Poison.
  6274 | D:9      | 6274 ||| INVOKING Spit Poison.
  6400 | D:9      | 6400 ||| INVOKING Spit Poison.
  6402 | D:9      | 6402 ||| INVOKING Heroism.
  6408 | D:9      | 6408 ||| INVOKING Spit Poison.
  6426 | D:9      | 6426 ||| READING scroll of acquirement.
  6426 | D:9      | 6426 ||| ACQUIRING 824 gold pieces
  6426 | D:9      | Acquired 824 gold pieces
  6464 | D:9      | 6464 ||| INVOKING Spit Poison.
  6486 | D:9      | 6486 ||| INVOKING Spit Poison.
  6489 | D:9      | 6489 ||| INVOKING Heroism.
  6491 | D:9      | 6491 ||| INVOKING Spit Poison.
  6519 | D:9      | 6519 ||| INVOKING Heroism.
  6549 | D:9      | 6549 ||| INVOKING Heroism.
  6550 | D:9      | 6550 ||| INVOKING Spit Poison.
  6593 | D:9      | Found a staircase to the Lair.
  6713 | D:9      | 6713 ||| PLANNING LAIR
  6713 | D:9      | 6713 ||| DROPPING scarf of invisibility.
  6714 | D:9      | 6714 ||| READING 2 scrolls labelled LEADISYCIS.
  6715 | D:9      | 6715 ||| READING scroll labelled YMUSTR PIJO.
  6716 | D:9      | 6716 ||| READING 2 scrolls of identify.
  6716 | D:9      | 6716 ||| IDENTIFYING fuming golden potion
  6717 | D:9      | 6717 ||| DROPPING potion of degeneration.
  6718 | D:9      | 6718 ||| DROPPING scroll of amnesia.
  6811 | Lair:1   | Entered Level 1 of the Lair of Beasts
  6812 | Lair:1   | 6812 ||| INVOKING Spit Poison.
  6818 | Lair:1   | 6818 ||| STAIRDANCE
  6820 | D:9      | 6820 ||| INVOKING Spit Poison.
  6824 | D:9      | 6824 ||| INVOKING Spit Poison.
  6999 | Lair:1   | Found a transporter.
  7124 | Lair:1   | 7124 ||| INVOKING Heroism.
  7270 | Lair:1   | 7270 ||| READING scroll of enchant armour.
  7270 | Lair:1   | 7270 ||| ENCHANTING +0 pair of gloves.
  7277 | Lair:1   | 7277 ||| INVOKING Heroism.
  7280 | Lair:1   | 7280 ||| INVOKING Spit Poison.
  7312 | Lair:1   | Found a transporter.
  7373 | Lair:1   | 7373 ||| INVOKING Spit Poison.
  7385 | Lair:1   | 7385 ||| READING scroll of enchant armour.
  7385 | Lair:1   | 7385 ||| ENCHANTING +1 pair of gloves.
  7528 | Lair:1   | Reached skill level 9 in Fighting
  7850 | Lair:1   | 7850 ||| DROPPING amulet of magic regeneration.
  7884 | Lair:2   | 7884 ||| PLANNING GAUNTLET
  7884 | Lair:2   | 7884 ||| INVOKING Heroism.
  7886 | Lair:2   | 7886 ||| INVOKING Spit Poison.
  7893 | Lair:2   | 7893 ||| INVOKING Spit Poison.
  7898 | Lair:2   | 7898 ||| INVOKING Spit Poison.
  7902 | Lair:2   | Found a hole to the Spider Nest.
  7906 | Lair:2   | Identified the +0 buckler of Optimism {Rampage rElec
                  | Slay-6}
  7954 | Lair:2   | 7954 ||| INVOKING Spit Poison.
  7957 | Lair:2   | 7957 ||| INVOKING Spit Poison.
  7961 | Lair:2   | Reached **** piety under Okawaru
  7982 | Lair:2   | 7982 ||| INVOKING Spit Poison.
  8008 | Lair:2   | 8008 ||| INVOKING Heroism.
  8034 | Lair:2   | 8034 ||| INVOKING Heroism.
  8061 | Lair:2   | 8061 ||| INVOKING Heroism.
  8062 | Lair:2   | 8062 ||| INVOKING Spit Poison.
  8067 | Lair:2   | 8067 ||| INVOKING Spit Poison.
  8104 | Lair:2   | Reached XP level 12. HP: 111/114 MP: 16/16
  8227 | Lair:2   | Found a snail-covered altar of Cheibriados.
  8230 | Lair:2   | 8230 ||| INVOKING Heroism.
  8236 | Lair:2   | Reached skill level 6 in Invocations
  8292 | Lair:2   | Noticed an eight-headed hydra
  8293 | Lair:2   | 8293 ||| INVOKING Heroism.
  8293 | Lair:2   | 8293 ||| RIP GAUNTLET
  8294 | Lair:2   | 8294 ||| PLANNING LAIR
  8299 | Lair:2   | Killed an eight-headed hydra
  8349 | Lair:2   | 8349 ||| READING scroll of enchant armour.
  8349 | Lair:2   | 8349 ||| ENCHANTING +0 cloak.
  8372 | Lair:2   | Reached ***** piety under Okawaru
  8380 | Lair:2   | 8380 ||| INVOKING Heroism.
  8388 | Lair:2   | Reached skill level 6 in Dodging
  8415 | Lair:2   | 8415 ||| DRINKING potion of cancellation.
  8467 | Lair:2   | Noticed a five-headed hydra
  8468 | Lair:2   | 8468 ||| INVOKING Heroism.
  8474 | Lair:2   | Killed a five-headed hydra
  8507 | Lair:2   | You fall into a shaft and drop 1 floor!
  8508 | Lair:3   | 8508 ||| INVOKING Heroism.
  8545 | Lair:3   | Identified the +8 spear of the Scroll {heavy, Drain Fly
                  | rElec}
  8551 | Lair:3   | 8551 ||| INVOKING Heroism.
  8597 | Lair:3   | 8597 ||| INVOKING Heroism.
  8611 | Lair:3   | HP: 26/116 [elephant (12)]
  8612 | Lair:3   | 8612 ||| READING 6 scrolls of teleportation.
  8613 | Lair:3   | 8613 ||| DRINKING 3 potions of heal wounds.
  8616 | Lair:3   | Reached skill level 9 in Invocations
  8689 | Lair:3   | 8689 ||| INVOKING Heroism.
  8792 | Lair:3   | 8792 ||| UPGRADING to +6 ring of dexterity.
  8794 | Lair:3   | 8794 ||| DROPPING +6 ring of strength.
  8795 | Lair:3   | 8795 ||| UPGRADING to +4 ring of protection.
  8797 | Lair:3   | 8797 ||| DROPPING ring of protection from cold.
  8856 | Lair:2   | Found a staircase to the Shoals.
  8945 | Lair:2   | 8945 ||| INVOKING Heroism.
  8972 | Lair:2   | 8972 ||| INVOKING Heroism.
  9139 | Lair:2   | Identified the +0 short sword "Venn" {protect, Stlth+}
  9351 | Lair:3   | 9351 ||| INVOKING Heroism.
  9396 | Lair:3   | 9396 ||| INVOKING Heroism.
  9403 | Lair:3   | Gained mutation: You can use your snake-like lower body to
                  | constrict enemies. [Naga growth]
  9403 | Lair:3   | Reached XP level 13. HP: 123/123 MP: 17/20
  9531 | Lair:3   | 9531 ||| INVOKING Heroism.
  9541 | Lair:3   | 9541 ||| Stepping ~*~*~tactically~*~*~ (outnumbered).
  9637 | Lair:3   | 9637 ||| INVOKING Heroism.
  9925 | Lair:3   | 9925 ||| DRINKING 2 blue potions.
  9989 | Lair:4   | 9989 ||| INVOKING Heroism.
 10002 | Lair:4   | Identified the +0 ring mail of Purpose {rC- rN+ Dex+4}
                  | (Okawaru gifted it to you on level 4 of the Lair of Beasts)
 10002 | Lair:4   | Received a gift from Okawaru
 10138 | Lair:4   | 10138 ||| INVOKING Heroism.
 10159 | Lair:4   | Reached skill level 15 in Ranged Weapons
 10161 | Lair:4   | 10161 ||| INVOKING Heroism.
 10346 | Lair:4   | Noticed Snorg
 10347 | Lair:4   | 10347 ||| INVOKING Heroism.
 10348 | Lair:4   | 10348 ||| INVOKING Finesse.
 10354 | Lair:4   | Killed Snorg
 10403 | Lair:4   | Noticed Nessos
 10405 | Lair:4   | 10405 ||| INVOKING Finesse.
 10407 | Lair:4   | Killed Nessos
 10560 | Lair:4   | Noticed Josephine
 10567 | Lair:4   | 10567 ||| Stepping ~*~*~tactically~*~*~ (outnumbered).
 10572 | Lair:4   | Killed Josephine
 10573 | Lair:4   | 10573 ||| INVOKING Heroism.
 10763 | Lair:4   | 10763 ||| INVOKING Heroism.
 11114 | Lair:4   | 11114 ||| UPGRADING to +0 barding.
 11132 | Lair:5   | Entered Level 5 of the Lair of Beasts
 11245 | Lair:5   | Reached skill level 3 in Armour
 11245 | Lair:5   | 11245 ||| INVOKING Heroism.
 11246 | Lair:5   | 11246 ||| Stepping ~*~*~tactically~*~*~ (outnumbered).
 11250 | Lair:5   | 11250 ||| Stepping ~*~*~tactically~*~*~ (outnumbered).
 11290 | Lair:5   | 11290 ||| INVOKING Heroism.
 11304 | Lair:5   | Reached XP level 14. HP: 132/132 MP: 21/21
 11407 | Lair:5   | Identified the ring "Medemar" {MP+9 Str+2}
 11461 | Lair:5   | 11461 ||| DROPPING +2 helmet.
 11483 | Lair:5   | 11483 ||| INVOKING Heroism.
 11601 | Lair:5   | Found a staircase to the Slime Pits.
 11674 | Lair:5   | 11674 ||| FLEEEEING.
 11675 | Lair:5   | 11675 ||| FLEEEEING.
 11676 | Lair:5   | 11676 ||| FLEEEEING.
 11792 | Lair:5   | 11792 ||| INVOKING Heroism.
 11840 | Lair:5   | Found a large runed translucent door.
 11840 | Lair:5   | Found a large runed translucent door.
 11851 | Lair:5   | 11851 ||| Stepping ~*~*~tactically~*~*~ (outnumbered).
 12189 | Lair:5   | 12189 ||| PLANNING D:1-11
 12189 | Lair:5   | 12189 ||| DROPPING ring "Medemar" {MP+9 Str+2}.
 12190 | Lair:5   | 12190 ||| READING 3 scrolls of identify.
 12190 | Lair:5   | 12190 ||| IDENTIFYING grey potion
 12239 | Lair:5   | 12239 ||| READING 2 scrolls of identify.
 12239 | Lair:5   | 12239 ||| IDENTIFYING fizzy brown potion
 12361 | Lair:5   | 12361 ||| DROPPING potion of invisibility.
 12774 | D:10     | Entered Level 10 of the Dungeon
 12822 | D:10     | Found a basalt altar of Yredelemnul.
 12886 | D:10     | Found a broken altar of Ashenzari.
 13004 | D:10     | Found a glowing golden altar of the Shining One.
 13236 | D:10     | 13236 ||| READING 2 scrolls of identify.
 13236 | D:10     | 13236 ||| IDENTIFYING fuming ruby potion
 13237 | D:10     | 13237 ||| DROPPING potion of lignification.
 13426 | D:11     | 13426 ||| INVOKING Heroism.
 13546 | D:11     | 13546 ||| READING scroll of enchant armour.
 13546 | D:11     | 13546 ||| ENCHANTING +0 barding.
 13577 | D:11     | 13577 ||| FLEEEEING.
 13578 | D:11     | 13578 ||| FLEEEEING.
 13579 | D:11     | 13579 ||| FLEEEEING.
 13581 | D:11     | 13581 ||| FLEEEEING.
 13588 | D:11     | 13588 ||| FLEEEEING.
 13589 | D:11     | 13589 ||| FLEEEEING.
 13711 | D:11     | Found a staircase to the Orcish Mines.
 13860 | D:11     | 13860 ||| PLANNING D
 13907 | D:12     | Noticed Shukka's ghost (journeyman MiBe)
 13911 | D:12     | Found a runed translucent door.
 14723 | D:12     | Found Viebyuf's Book Shoppe.
 14736 | D:12     | 14736 ||| INVOKING Heroism.
 14737 | D:12     | 14737 ||| INVOKING Finesse.
 14882 | D:12     | 14882 ||| DROPPING +2 ring mail of cold resistance.
 14883 | D:12     | 14883 ||| DROPPING +0 ring mail of Purpose {rC- rN+ Dex+4}.
 14884 | D:12     | 14884 ||| DROPPING +2 robe of willpower.
 14885 | D:12     | 14885 ||| DROPPING ring of resist corrosion.
 15264 | D:13     | Identified the +0 ring mail of Xajy {rC+ Stlth+}
 15302 | D:13     | Identified the +1 ring mail of Okawaru {+Blink Will- SInv}
                  | (Okawaru gifted it to you on level 13 of the Dungeon)
 15302 | D:13     | Received a gift from Okawaru
 15395 | D:13     | Reached skill level 9 in Dodging
 15436 | D:13     | 15436 ||| INVOKING Heroism.
 15437 | D:13     | 15437 ||| INVOKING Finesse.
 15821 | D:13     | 15821 ||| DROPPING +0 ring mail of Xajy {rC+ Stlth+}.
 15822 | D:13     | 15822 ||| DROPPING +1 ring mail of Okawaru {+Blink Will-
                  | SInv}.
 15900 | D:14     | Noticed Lodul
 15901 | D:14     | 15901 ||| INVOKING Heroism.
 15902 | D:14     | 15902 ||| INVOKING Finesse.
 15905 | D:14     | Killed Lodul
 15906 | D:14     | Reached XP level 15. HP: 141/141 MP: 14/22
 15981 | D:14     | 15981 ||| Stepping ~*~*~tactically~*~*~ (outnumbered).
 15985 | D:14     | 15985 ||| Stepping ~*~*~tactically~*~*~ (outnumbered).
 16458 | D:14     | Found a blossoming altar of Fedhas.
 16460 | D:14     | 16460 ||| Stepping ~*~*~tactically~*~*~ (outnumbered).
 16461 | D:14     | 16461 ||| Stepping ~*~*~tactically~*~*~ (outnumbered).
 16464 | D:14     | 16464 ||| Stepping ~*~*~tactically~*~*~ (outnumbered).
 16477 | D:14     | 16477 ||| INVOKING Heroism.
 16479 | D:14     | Reached skill level 18 in Ranged Weapons
 16591 | D:14     | 16591 ||| INVOKING Heroism.
 16592 | D:14     | 16592 ||| INVOKING Finesse.
 16782 | D:14     | 16782 ||| INVOKING Heroism.
 16783 | D:14     | 16783 ||| SWAPPING to +3 longbow of flaming.
 16788 | D:14     | 16788 ||| SWAPPING to +11 longbow of Compassion {freeze,
                  | Dex+2}.
 16885 | D:14     | Found a gate to the Vaults.
 16984 | D:15     | Entered Level 15 of the Dungeon
 16984 | D:15     | Noticed Azrael
 16985 | D:15     | 16985 ||| INVOKING Heroism.
 16986 | D:15     | 16986 ||| Stepping ~*~*~tactically~*~*~ (outnumbered).
 16992 | D:15     | 16992 ||| Stepping ~*~*~tactically~*~*~ (outnumbered).
 17002 | D:15     | Killed Azrael
 17003 | D:15     | Reached skill level 12 in Fighting
 17017 | D:15     | Received a gift from Okawaru
 17086 | D:15     | 17086 ||| INVOKING Heroism.
 17160 | D:15     | Noticed Jorgrun
 17161 | D:15     | 17161 ||| INVOKING Heroism.
 17171 | D:15     | Killed Jorgrun
 17327 | D:15     | 17327 ||| INVOKING Heroism.
 17531 | D:15     | 17531 ||| Stepping ~*~*~tactically~*~*~ (outnumbered).
 17533 | D:15     | 17533 ||| Stepping ~*~*~tactically~*~*~ (outnumbered).
 17552 | D:15     | Received a gift from Okawaru
 17595 | D:15     | 17595 ||| Stepping ~*~*~tactically~*~*~ (outnumbered).
 17597 | D:15     | 17597 ||| Stepping ~*~*~tactically~*~*~ (outnumbered).
 17601 | D:15     | 17601 ||| INVOKING Heroism.
 17689 | D:15     | Found a staircase to the Depths.
 17730 | D:15     | 17730 ||| INVOKING Heroism.
 17731 | D:15     | 17731 ||| INVOKING Finesse.
 17930 | D:15     | 17930 ||| PLANNING ORC
 17930 | D:15     | 17930 ||| READING scroll labelled HOCUON NIZUBI.
 17997 | Orc:1    | Entered Level 1 of the Orcish Mines
 18323 | Orc:1    | Reached XP level 16. HP: 152/152 MP: 23/23
 18385 | Orc:2    | Entered Level 2 of the Orcish Mines
 18416 | Orc:2    | 18416 ||| INVOKING Heroism.
 18419 | Orc:2    | 18419 ||| Stepping ~*~*~tactically~*~*~ (outnumbered).
 18435 | Orc:2    | 18435 ||| Stepping ~*~*~tactically~*~*~ (outnumbered).
 18437 | Orc:2    | 18437 ||| Stepping ~*~*~tactically~*~*~ (outnumbered).
 18442 | Orc:2    | 18442 ||| Stepping ~*~*~tactically~*~*~ (outnumbered).
 18503 | Orc:2    | 18503 ||| INVOKING Heroism.
 18600 | Orc:2    | 18600 ||| INVOKING Heroism.
 18622 | Orc:2    | 18622 ||| INVOKING Finesse.
 18667 | Orc:2    | Found Wafainet's Jewellery Emporium.
 18672 | Orc:2    | Found Raezise's Antique Armour Emporium.
 18681 | Orc:2    | 18681 ||| BUYING brightly glowing ring mail (261 gold).
 18681 | Orc:2    | Bought a brightly glowing ring mail for 261 gold pieces
 18681 | Orc:2    | Identified the +0 ring mail "Otirghar" {rN+++ Will+ Str+3
                  | Dex+3} (You bought it in a shop on level 2 of the Orcish
                  | Mines)
 18681 | Orc:2    | 18681 ||| BUYING runed leather armour (145 gold).
 18681 | Orc:2    | Bought a runed leather armour for 145 gold pieces
 18681 | Orc:2    | 18681 ||| BUYING runed ring mail (203 gold).
 18681 | Orc:2    | Bought a runed ring mail for 203 gold pieces
 18699 | Orc:2    | 18699 ||| BUYING +6 ring of dexterity (576 gold).
 18699 | Orc:2    | Bought a +6 ring of dexterity for 576 gold pieces
 18699 | Orc:2    | 18699 ||| BUYING amulet of reflection (480 gold).
 18699 | Orc:2    | Bought an amulet of reflection for 480 gold pieces
 18816 | Orc:2    | Found a runed translucent door.
 18841 | Orc:2    | 18841 ||| INVOKING Heroism.
 18852 | Orc:2    | 18852 ||| INVOKING Finesse.
 18885 | Orc:2    | Found a staircase to the Elven Halls.
 19046 | Orc:2    | Found Siskoth's Antique Weapon Emporium.
 19061 | Orc:2    | Found Mint's General Store.
 19068 | Orc:2    | 19068 ||| BUYING potion of mutation (112 gold).
 19068 | Orc:2    | Bought a potion of mutation for 112 gold pieces
 19068 | Orc:2    | 19068 ||| BUYING potion of resistance (140 gold).
 19068 | Orc:2    | Bought a potion of resistance for 140 gold pieces
 19068 | Orc:2    | 19068 ||| BUYING scroll of identify (28 gold).
 19068 | Orc:2    | Bought a scroll of identify for 28 gold pieces
 19235 | Orc:2    | 19235 ||| PLANNING SHOALS:1-3
 19235 | Orc:2    | 19235 ||| UPGRADING to +0 ring mail "Otirghar" {rN+++ Will+
                  | Str+3 Dex+3}.
 19245 | Orc:2    | 19245 ||| DROPPING +1 ring mail of fire resistance.
 19246 | Orc:2    | 19246 ||| UPGRADING to amulet of reflection.
 19251 | Orc:2    | 19251 ||| UPGRADING to +6 ring of dexterity.
 19253 | Orc:2    | 19253 ||| DROPPING +4 ring of protection.
 19478 | Shoals:1 | Entered Level 1 of the Shoals
 19816 | Shoals:1 | Identified Roxanne's Incunable of Terra Firma
 19816 | Shoals:1 | Noticed Roxanne
 19817 | Shoals:1 | 19817 ||| INVOKING Heroism.
 19820 | Shoals:1 | Noticed a kraken
 19826 | Shoals:1 | Killed Roxanne
 19827 | Shoals:1 | Reached skill level 6 in Armour
 19863 | Shoals:1 | Killed a kraken
 20031 | Shoals:1 | 20031 ||| INVOKING Heroism.
 20072 | Shoals:1 | 20072 ||| INVOKING Heroism.
 20073 | Shoals:1 | 20073 ||| INVOKING Finesse.
 20269 | Shoals:2 | Found an ancient bone altar of Kikubaaqudgha.
 20278 | Shoals:2 | Found Awydut's Book Emporium.
 20370 | Shoals:2 | 20370 ||| INVOKING Heroism.
 20371 | Shoals:2 | 20371 ||| INVOKING Finesse.
 20474 | Shoals:2 | 20474 ||| READING scroll of enchant armour.
 20474 | Shoals:2 | 20474 ||| ENCHANTING +1 barding.
 20561 | Shoals:2 | 20561 ||| DROPPING ring of wizardry.
 20868 | Shoals:3 | 20868 ||| INVOKING Heroism.
 20869 | Shoals:3 | 20869 ||| Stepping ~*~*~tactically~*~*~ (outnumbered).
 20874 | Shoals:3 | 20874 ||| Stepping ~*~*~tactically~*~*~ (outnumbered).
 20935 | Shoals:3 | 20935 ||| FLEEEEING.
 20936 | Shoals:3 | 20936 ||| STAIRDANCE
 20972 | Shoals:3 | 20972 ||| INVOKING Heroism.
 21087 | Shoals:3 | Noticed Donald
 21088 | Shoals:3 | 21088 ||| INVOKING Heroism.
 21089 | Shoals:3 | 21089 ||| INVOKING Finesse.
 21097 | Shoals:3 | Killed Donald
 21228 | Shoals:3 | 21228 ||| INVOKING Heroism.
 21317 | Shoals:3 | Received a gift from Okawaru
 21602 | Shoals:3 | 21602 ||| PLANNING SPIDER:1-3
 21685 | Spider:1 | Entered Level 1 of the Spider Nest
 21694 | Spider:1 | 21694 ||| INVOKING Finesse.
 21759 | Spider:1 | 21759 ||| INVOKING Finesse.
 21770 | Spider:1 | Reached XP level 17. HP: 163/163 MP: 18/24
 21807 | Spider:1 | 21807 ||| INVOKING Finesse.
 21864 | Spider:1 | 21864 ||| INVOKING Heroism.
 21896 | Spider:1 | 21896 ||| INVOKING Heroism.
 22177 | Spider:1 | 22177 ||| INVOKING Finesse.
 22362 | Spider:1 | 22362 ||| INVOKING Heroism.
 22520 | Spider:1 | 22520 ||| READING scroll of enchant armour.
 22520 | Spider:1 | 22520 ||| ENCHANTING +2 barding.
 22854 | Spider:2 | 22854 ||| INVOKING Heroism.
 22882 | Spider:2 | 22882 ||| INVOKING Heroism.
 22896 | Spider:2 | 22896 ||| INVOKING Finesse.
 22988 | Spider:2 | 22988 ||| INVOKING Heroism.
 23395 | Spider:2 | 23395 ||| INVOKING Heroism.
 23396 | Spider:2 | 23396 ||| Stepping ~*~*~tactically~*~*~ (outnumbered).
 23460 | Spider:2 | Reached skill level 9 in Armour
 23540 | Spider:2 | 23540 ||| Stepping ~*~*~tactically~*~*~ (outnumbered).
 23551 | Spider:2 | 23551 ||| INVOKING Heroism.
 23568 | Spider:2 | 23568 ||| INVOKING Finesse.
 23996 | Spider:3 | 23996 ||| DRINKING 2 potions of resistance.
 24007 | Spider:3 | 24007 ||| INVOKING Heroism.
 24029 | Spider:3 | HP: 38/166 [meliai/divine providence (15)]
 24030 | Spider:3 | 24030 ||| READING 8 scrolls of teleportation.
 24031 | Spider:3 | 24031 ||| DRINKING 4 potions of heal wounds.
 24033 | Spider:3 | 24033 ||| DRINKING 3 potions of heal wounds.
 24042 | Spider:3 | HP: 36/166 [meliai/divine providence (13)]
 24043 | Spider:3 | 24043 ||| READING 7 scrolls of teleportation.
 24043 | Spider:3 | HP: 15/166 [meliai/divine providence (11)]
 24044 | Spider:3 | 24044 ||| DRINKING 2 potions of heal wounds.
 24045 | Spider:3 | 24045 ||| DRINKING potion of heal wounds.
 24051 | Spider:3 | 24051 ||| INVOKING Finesse.
 24140 | Spider:3 | 24140 ||| INVOKING Heroism.
 24245 | Spider:3 | 24245 ||| INVOKING Heroism.
 24367 | Spider:3 | Reached skill level 12 in Dodging
 24371 | Spider:3 | 24371 ||| INVOKING Finesse.
 24407 | Spider:3 | Identified the +0 pair of gloves of the Boiling Point
                  | {Str+6 Dex+3}
 24527 | Spider:3 | Reached XP level 18. HP: 175/175 MP: 25/25
 24529 | Spider:3 | 24529 ||| DROPPING +3 longbow of flaming.
 24701 | Spider:3 | 24701 ||| INVOKING Heroism.
 24735 | Spider:3 | 24735 ||| INVOKING Finesse.
 24938 | Spider:3 | 24938 ||| PLANNING SHOALS:4
 24938 | Spider:3 | 24938 ||| UPGRADING to +0 pair of gloves of the Boiling
                  | Point {Str+6 Dex+3}.
 24948 | Spider:3 | 24948 ||| DROPPING +2 pair of gloves.
 25076 | Shoals:4 | Entered Level 4 of the Shoals
 25106 | Shoals:4 | Reached skill level 15 in Fighting
 25110 | Shoals:4 | 25110 ||| INVOKING Heroism.
 25161 | Shoals:4 | 25161 ||| INVOKING Finesse.
 25177 | Shoals:4 | 25177 ||| Stepping ~*~*~tactically~*~*~ (outnumbered).
 25182 | Shoals:4 | 25182 ||| Stepping ~*~*~tactically~*~*~ (outnumbered).
 25183 | Shoals:4 | 25183 ||| INVOKING Heroism.
 25190 | Shoals:4 | 25190 ||| Stepping ~*~*~tactically~*~*~ (cloud).
 25194 | Shoals:4 | 25194 ||| Stepping ~*~*~tactically~*~*~ (cloud).
 25196 | Shoals:4 | 25196 ||| FLEEEEING.
 25197 | Shoals:4 | 25197 ||| STAIRDANCE
 25416 | Shoals:4 | 25416 ||| INVOKING Heroism.
 25420 | Shoals:4 | 25420 ||| INVOKING Finesse.
 25472 | Shoals:4 | 25472 ||| STAIRDANCE
 25542 | Shoals:4 | 25542 ||| INVOKING Heroism.
 25563 | Shoals:4 | Identified the +5 ring mail "Piaqonau" {-Cast rC++ Str+4}
 25564 | Shoals:4 | 25564 ||| INVOKING Finesse.
 25631 | Shoals:4 | Got a barnacled rune of Zot
 25644 | Shoals:4 | 25644 ||| INVOKING Heroism.
 25659 | Shoals:4 | 25659 ||| UPGRADING to +5 ring mail "Piaqonau" {-Cast rC++
                  | Str+4}.
 25660 | Shoals:4 | 25660 ||| UPGRADING to +5 ring mail "Piaqonau" {-Cast rC++
                  | Str+4}.
 25667 | Shoals:4 | 25667 ||| UPGRADING to +5 ring mail "Piaqonau" {-Cast rC++
                  | Str+4}.
 25677 | Shoals:4 | 25677 ||| UPGRADING to +5 ring mail "Piaqonau" {-Cast rC++
                  | Str+4}.
 25687 | Shoals:4 | 25687 ||| DROPPING +3 leather armour of cold resistance.
 25688 | Shoals:4 | 25688 ||| DROPPING +0 troll leather armour.
 25692 | Shoals:4 | 25692 ||| READING scroll of enchant armour.
 25692 | Shoals:4 | 25692 ||| ENCHANTING +3 barding.
 25699 | Shoals:4 | 25699 ||| INVOKING Heroism.
 25764 | Shoals:4 | 25764 ||| INVOKING Heroism.
 25795 | Shoals:4 | Identified the +6 falchion of Equivalence {venom, rPois
                  | Str-4 Int+5}
 25800 | Shoals:4 | Received a gift from Okawaru
 25801 | Shoals:4 | 25801 ||| INVOKING Heroism.
 25803 | Shoals:4 | 25803 ||| Stepping ~*~*~tactically~*~*~ (outnumbered).
 25833 | Shoals:4 | HP: 34/181 [merfolk impaler/+1 demon trident of venom (14)]
 25834 | Shoals:4 | 25834 ||| READING 7 scrolls of teleportation.
 25835 | Shoals:4 | 25835 ||| DRINKING potion of heal wounds.
 25838 | Shoals:4 | HP: 25/181 [poisoned by a merfolk impaler]
 25843 | Shoals:4 | HP: 18/181 [poisoned by a merfolk impaler]
 25960 | Shoals:4 | 25960 ||| INVOKING Heroism.
 26269 | Shoals:4 | 26269 ||| INVOKING Heroism.
 26485 | Shoals:4 | 26485 ||| PLANNING VAULTS:1-4
 26798 | Vaults:1 | Entered Level 1 of the Vaults
 26940 | Vaults:1 | 26940 ||| Stepping ~*~*~tactically~*~*~ (outnumbered).
 26951 | Vaults:1 | 26951 ||| DRINKING potion of resistance.
 27129 | Vaults:1 | 27129 ||| INVOKING Heroism.
 27130 | Vaults:1 | 27130 ||| INVOKING Finesse.
 27232 | Vaults:1 | 27232 ||| INVOKING Heroism.
 27233 | Vaults:1 | 27233 ||| INVOKING Finesse.
 27255 | Vaults:1 | Reached XP level 19. HP: 66/188 MP: 19/26
 27662 | Vaults:1 | 27662 ||| INVOKING Heroism.
 27663 | Vaults:1 | 27663 ||| INVOKING Finesse.
 27812 | Vaults:1 | Found the +3 hat of Pondering {ponderous, Will+ MP+10
                  | Int+5}
 28088 | Vaults:1 | 28088 ||| Stepping ~*~*~tactically~*~*~ (outnumbered).
 28101 | Vaults:1 | 28101 ||| Stepping ~*~*~tactically~*~*~ (outnumbered).
 28258 | Vaults:1 | 28258 ||| Stepping ~*~*~tactically~*~*~ (outnumbered).
 28267 | Vaults:1 | 28267 ||| Stepping ~*~*~tactically~*~*~ (outnumbered).
 28636 | Vaults:2 | 28636 ||| Stepping ~*~*~tactically~*~*~ (outnumbered).
 28786 | Vaults:2 | 28786 ||| Stepping ~*~*~tactically~*~*~ (outnumbered).
 28788 | Vaults:2 | 28788 ||| Stepping ~*~*~tactically~*~*~ (outnumbered).
 28809 | Vaults:2 | 28809 ||| INVOKING Heroism.
 28854 | Vaults:2 | 28854 ||| INVOKING Heroism.
 29107 | Vaults:2 | Found a staircase to the Crypt.
 29197 | Vaults:2 | Received a gift from Okawaru
 29404 | Vaults:2 | 29404 ||| Stepping ~*~*~tactically~*~*~ (outnumbered).
 29554 | Vaults:2 | 29554 ||| INVOKING Heroism.
 29555 | Vaults:2 | 29555 ||| INVOKING Finesse.
 29558 | Vaults:2 | Reached skill level 18 in Fighting
 29723 | Vaults:2 | 29723 ||| INVOKING Heroism.
 29724 | Vaults:2 | 29724 ||| INVOKING Finesse.
 29943 | Vaults:2 | 29943 ||| Stepping ~*~*~tactically~*~*~ (outnumbered).
 29945 | Vaults:2 | 29945 ||| Stepping ~*~*~tactically~*~*~ (outnumbered).
 30077 | Vaults:2 | Found a runed translucent gate.
 30077 | Vaults:2 | Found a runed translucent gate.
 30077 | Vaults:2 | Found a runed translucent gate.
 30077 | Vaults:2 | Noticed tamionv's ghost (adept GrFi)
 30375 | Vaults:2 | Found a viscous altar of Jiyva.
 30376 | Vaults:2 | 30376 ||| DROPPING amulet of regeneration.
 30413 | Vaults:3 | 30413 ||| STAIRDANCE
 30567 | Vaults:3 | Found Jugg's Jewellery Shop.
 30722 | Vaults:3 | 30722 ||| Stepping ~*~*~tactically~*~*~ (outnumbered).
 30724 | Vaults:3 | 30724 ||| Stepping ~*~*~tactically~*~*~ (outnumbered).
 30772 | Vaults:3 | Reached XP level 20. HP: 204/204 MP: 27/27
 30777 | Vaults:3 | Reached skill level 15 in Dodging
 30819 | Vaults:3 | Paralysed by a great orb of eyes for 3 turns
 30823 | Vaults:3 | 30823 ||| Stepping ~*~*~tactically~*~*~ (outnumbered).
 30828 | Vaults:3 | Identified the +3 orcbow of Certain Death {flame, rCorr
                  | Dex+2} (Okawaru gifted it to you on level 3 of the Vaults)
 30828 | Vaults:3 | Received a gift from Okawaru
 31083 | Vaults:3 | 31083 ||| Stepping ~*~*~tactically~*~*~ (outnumbered).
 31218 | Vaults:3 | 31218 ||| Stepping ~*~*~tactically~*~*~ (outnumbered).
 31317 | Vaults:3 | You fall into a shaft and drop 1 floor!
 31353 | Vaults:4 | 31353 ||| INVOKING Heroism.
 31533 | Vaults:4 | 31533 ||| Stepping ~*~*~tactically~*~*~ (outnumbered).
 31607 | Vaults:4 | Identified the +1 cloak of Baldness {Fly rN+ MP+9 Str+3}
                  | (Okawaru gifted it to you on level 4 of the Vaults)
 31607 | Vaults:4 | Received a gift from Okawaru
 31608 | Vaults:4 | 31608 ||| Stepping ~*~*~tactically~*~*~ (outnumbered).
 31626 | Vaults:4 | Identified the +11 short sword of Gikepos {speed, +Blink
                  | rC++ Int+3}
 31635 | Vaults:4 | 31635 ||| INVOKING Heroism.
 31727 | Vaults:4 | 31727 ||| INVOKING Heroism.
 31753 | Vaults:4 | 31753 ||| INVOKING Heroism.
 31909 | Vaults:4 | 31909 ||| Stepping ~*~*~tactically~*~*~ (outnumbered).
 31910 | Vaults:4 | 31910 ||| Stepping ~*~*~tactically~*~*~ (outnumbered).
 32010 | Vaults:4 | 32010 ||| UPGRADING to +1 cloak of Baldness {Fly rN+ MP+9
                  | Str+3}.
 32020 | Vaults:4 | 32020 ||| DROPPING +1 cloak.
 32914 | Vaults:4 | Noticed Saint Roka
 32933 | Vaults:4 | 32933 ||| INVOKING Heroism.
 32951 | Vaults:4 | Killed Saint Roka
 32999 | Vaults:4 | 32999 ||| INVOKING Heroism.
 33606 | Vaults:4 | Reached XP level 21. HP: 216/216 MP: 28/28
 34038 | Vaults:4 | 34038 ||| PLANNING SPIDER:4
 34325 | Spider:4 | Entered Level 4 of the Spider Nest
 34338 | Spider:4 | Identified the +7 buckler "Liyzinidd" {Fly rC++ Stlth-}
                  | (Okawaru gifted it to you on level 4 of the Spider Nest)
 34338 | Spider:4 | Received a gift from Okawaru
 34680 | Spider:4 | 34680 ||| INVOKING Finesse.
 34681 | Spider:4 | 34681 ||| Stepping ~*~*~tactically~*~*~ (outnumbered).
 34802 | Spider:4 | Identified the +3 hat "Caxtul" {+Blink MP+9}
 34807 | Spider:4 | Got a gossamer rune of Zot
 34858 | Spider:4 | 34858 ||| INVOKING Finesse.
 35099 | Spider:4 | Reached skill level 12 in Armour
 35189 | Spider:4 | 35189 ||| INVOKING Finesse.
 35469 | Spider:4 | 35469 ||| PLANNING DEPTHS
 35469 | Spider:4 | 35469 ||| DROPPING +2 pair of gloves of stealth.
 35470 | Spider:4 | 35470 ||| DROPPING +2 pair of gloves of stealth.
 35471 | Spider:4 | 35471 ||| DROPPING +3 hat "Caxtul" {+Blink MP+9}.
 35799 | Depths:1 | Entered Level 1 of the Depths
 35814 | Depths:1 | 35814 ||| INVOKING Heroism.
 35815 | Depths:1 | 35815 ||| INVOKING Finesse.
 35905 | Depths:1 | 35905 ||| INVOKING Heroism.
 35974 | Depths:1 | Found a hide-covered altar of Uskayaw.
 36003 | Depths:1 | 36003 ||| INVOKING Heroism.
 36077 | Depths:1 | Found a one-way gateway to a ziggurat.
 36091 | Depths:1 | 36091 ||| FLEEEEING.
 36092 | Depths:1 | 36092 ||| FLEEEEING.
 36093 | Depths:1 | 36093 ||| FLEEEEING.
 36094 | Depths:1 | 36094 ||| FLEEEEING.
 36095 | Depths:1 | 36095 ||| FLEEEEING.
 36096 | Depths:1 | 36096 ||| FLEEEEING.
 36227 | Depths:1 | Found a gateway to Hell.
 36257 | Depths:1 | 36257 ||| FLEEEEING.
 36258 | Depths:1 | 36258 ||| FLEEEEING.
 36259 | Depths:1 | 36259 ||| FLEEEEING.
 36260 | Depths:1 | 36260 ||| FLEEEEING.
 36261 | Depths:1 | 36261 ||| FLEEEEING.
 36262 | Depths:1 | 36262 ||| FLEEEEING.
 36263 | Depths:1 | 36263 ||| FLEEEEING.
 36264 | Depths:1 | 36264 ||| FLEEEEING.
 36311 | Depths:1 | 36311 ||| INVOKING Heroism.
 36459 | Depths:1 | 36459 ||| FLEEEEING.
 36460 | Depths:1 | 36460 ||| FLEEEEING.
 36461 | Depths:1 | 36461 ||| FLEEEEING.
 36462 | Depths:1 | 36462 ||| FLEEEEING.
 36463 | Depths:1 | 36463 ||| FLEEEEING.
 36464 | Depths:1 | 36464 ||| FLEEEEING.
 36465 | Depths:1 | 36465 ||| FLEEEEING.
 36466 | Depths:1 | 36466 ||| FLEEEEING.
 36597 | Depths:1 | 36597 ||| FLEEEEING.
 36598 | Depths:1 | 36598 ||| FLEEEEING.
 36599 | Depths:1 | 36599 ||| FLEEEEING.
 36600 | Depths:1 | 36600 ||| FLEEEEING.
 36601 | Depths:1 | 36601 ||| FLEEEEING.
 36602 | Depths:1 | 36602 ||| FLEEEEING.
 36603 | Depths:1 | 36603 ||| FLEEEEING.
 36604 | Depths:1 | 36604 ||| FLEEEEING.
 36605 | Depths:1 | 36605 ||| FLEEEEING.
 36606 | Depths:1 | 36606 ||| FLEEEEING.
 36607 | Depths:1 | 36607 ||| FLEEEEING.
 36608 | Depths:1 | 36608 ||| FLEEEEING.
 36609 | Depths:1 | 36609 ||| FLEEEEING.
 36610 | Depths:1 | 36610 ||| FLEEEEING.
 36611 | Depths:1 | 36611 ||| FLEEEEING.
 36799 | Depths:1 | 36799 ||| FLEEEEING.
 36800 | Depths:1 | 36800 ||| FLEEEEING.
 36801 | Depths:1 | 36801 ||| FLEEEEING.
 36802 | Depths:1 | 36802 ||| FLEEEEING.
 36803 | Depths:1 | 36803 ||| FLEEEEING.
 36887 | Depths:1 | 36887 ||| FLEEEEING.
 36888 | Depths:1 | 36888 ||| FLEEEEING.
 36889 | Depths:1 | 36889 ||| FLEEEEING.
 36890 | Depths:1 | 36890 ||| FLEEEEING.
 36891 | Depths:1 | 36891 ||| FLEEEEING.
 36892 | Depths:1 | 36892 ||| FLEEEEING.
 37001 | Depths:1 | 37001 ||| FLEEEEING.
 37002 | Depths:1 | 37002 ||| FLEEEEING.
 37003 | Depths:1 | 37003 ||| FLEEEEING.
 37004 | Depths:1 | 37004 ||| FLEEEEING.
 37005 | Depths:1 | 37005 ||| FLEEEEING.
 37006 | Depths:1 | 37006 ||| FLEEEEING.
 37087 | Depths:1 | 37087 ||| FLEEEEING.
 37089 | Depths:1 | 37089 ||| FLEEEEING.
 37090 | Depths:1 | 37090 ||| FLEEEEING.
 37091 | Depths:1 | 37091 ||| FLEEEEING.
 37228 | Depths:1 | 37228 ||| FLEEEEING.
 37229 | Depths:1 | 37229 ||| FLEEEEING.
 37230 | Depths:1 | 37230 ||| FLEEEEING.
 37231 | Depths:1 | 37231 ||| FLEEEEING.
 37232 | Depths:1 | 37232 ||| FLEEEEING.
 37233 | Depths:1 | 37233 ||| FLEEEEING.
 37234 | Depths:1 | 37234 ||| FLEEEEING.
 37235 | Depths:1 | 37235 ||| FLEEEEING.
 37236 | Depths:1 | 37236 ||| FLEEEEING.
 37382 | Depths:1 | 37382 ||| FLEEEEING.
 37383 | Depths:1 | 37383 ||| FLEEEEING.
 37464 | Depths:1 | 37464 ||| FLEEEEING.
 37465 | Depths:1 | 37465 ||| FLEEEEING.
 37466 | Depths:1 | 37466 ||| FLEEEEING.
 37467 | Depths:1 | 37467 ||| FLEEEEING.
 37468 | Depths:1 | 37468 ||| FLEEEEING.
 37469 | Depths:1 | 37469 ||| FLEEEEING.
 37470 | Depths:1 | 37470 ||| FLEEEEING.
 37645 | Depths:1 | 37645 ||| FLEEEEING.
 37646 | Depths:1 | 37646 ||| FLEEEEING.
 37706 | Depths:1 | 37706 ||| FLEEEEING.
 37707 | Depths:1 | 37707 ||| FLEEEEING.
 37708 | Depths:1 | 37708 ||| FLEEEEING.
 37709 | Depths:1 | 37709 ||| FLEEEEING.
 37790 | Depths:1 | 37790 ||| FLEEEEING.
 37791 | Depths:1 | 37791 ||| FLEEEEING.
 37793 | Depths:1 | 37793 ||| FLEEEEING.
 37864 | Depths:1 | 37864 ||| FLEEEEING.
 37865 | Depths:1 | 37865 ||| FLEEEEING.
 37963 | Depths:1 | 37963 ||| FLEEEEING.
 37964 | Depths:1 | 37964 ||| FLEEEEING.
 37965 | Depths:1 | 37965 ||| FLEEEEING.
 38030 | Depths:1 | 38030 ||| FLEEEEING.
 38031 | Depths:1 | 38031 ||| FLEEEEING.
 38032 | Depths:1 | 38032 ||| FLEEEEING.
 38112 | Depths:1 | 38112 ||| FLEEEEING.
 38113 | Depths:1 | 38113 ||| FLEEEEING.
 38195 | Depths:1 | 38195 ||| FLEEEEING.
 38196 | Depths:1 | 38196 ||| FLEEEEING.
 38278 | Depths:1 | 38278 ||| FLEEEEING.
 38279 | Depths:1 | 38279 ||| FLEEEEING.
 38284 | Depths:1 | 38284 ||| FLEEEEING.
 38285 | Depths:1 | 38285 ||| FLEEEEING.
 38286 | Depths:1 | 38286 ||| FLEEEEING.
 38288 | Depths:1 | 38288 ||| FLEEEEING.
 38379 | Depths:1 | 38379 ||| FLEEEEING.
 38380 | Depths:1 | 38380 ||| FLEEEEING.
 38381 | Depths:1 | 38381 ||| FLEEEEING.
 38443 | Depths:1 | 38443 ||| FLEEEEING.
 38444 | Depths:1 | 38444 ||| FLEEEEING.
 38445 | Depths:1 | 38445 ||| FLEEEEING.
 38446 | Depths:1 | 38446 ||| FLEEEEING.
 38447 | Depths:1 | 38447 ||| FLEEEEING.
 38448 | Depths:1 | 38448 ||| FLEEEEING.
 38449 | Depths:1 | 38449 ||| FLEEEEING.
 38450 | Depths:1 | 38450 ||| FLEEEEING.
 38601 | Depths:1 | 38601 ||| FLEEEEING.
 38602 | Depths:1 | 38602 ||| FLEEEEING.
 38651 | Depths:1 | 38651 ||| FLEEEEING.
 38652 | Depths:1 | 38652 ||| FLEEEEING.
 38653 | Depths:1 | 38653 ||| FLEEEEING.
 38654 | Depths:1 | 38654 ||| FLEEEEING.
 38655 | Depths:1 | 38655 ||| FLEEEEING.
 38656 | Depths:1 | 38656 ||| FLEEEEING.
 38657 | Depths:1 | 38657 ||| FLEEEEING.
 38658 | Depths:1 | 38658 ||| FLEEEEING.
 38659 | Depths:1 | 38659 ||| FLEEEEING.
 38774 | Depths:1 | 38774 ||| FLEEEEING.
 38775 | Depths:1 | 38775 ||| FLEEEEING.
 38776 | Depths:1 | 38776 ||| FLEEEEING.
 38777 | Depths:1 | 38777 ||| FLEEEEING.
 38778 | Depths:1 | 38778 ||| FLEEEEING.
 38855 | Depths:1 | 38855 ||| FLEEEEING.
 38856 | Depths:1 | 38856 ||| FLEEEEING.
 38915 | Depths:1 | 38915 ||| FLEEEEING.
 38916 | Depths:1 | 38916 ||| FLEEEEING.
 38917 | Depths:1 | 38917 ||| FLEEEEING.
 38918 | Depths:1 | 38918 ||| FLEEEEING.
 38988 | Depths:1 | 38988 ||| FLEEEEING.
 38990 | Depths:1 | 38990 ||| FLEEEEING.
 38991 | Depths:1 | 38991 ||| FLEEEEING.
 38992 | Depths:1 | 38992 ||| FLEEEEING.
 39106 | Depths:1 | 39106 ||| FLEEEEING.
 39107 | Depths:1 | 39107 ||| FLEEEEING.
 39108 | Depths:1 | 39108 ||| FLEEEEING.
 39109 | Depths:1 | 39109 ||| FLEEEEING.
 39110 | Depths:1 | 39110 ||| FLEEEEING.
 39111 | Depths:1 | 39111 ||| FLEEEEING.
 39222 | Depths:1 | 39222 ||| FLEEEEING.
 39223 | Depths:1 | 39223 ||| FLEEEEING.
 39224 | Depths:1 | 39224 ||| FLEEEEING.
 39225 | Depths:1 | 39225 ||| FLEEEEING.
 39226 | Depths:1 | 39226 ||| FLEEEEING.
 39227 | Depths:1 | 39227 ||| FLEEEEING.
 39228 | Depths:1 | 39228 ||| FLEEEEING.
 39229 | Depths:1 | 39229 ||| FLEEEEING.
 39230 | Depths:1 | 39230 ||| FLEEEEING.
 39380 | Depths:1 | 39380 ||| FLEEEEING.
 39381 | Depths:1 | 39381 ||| FLEEEEING.
 39382 | Depths:1 | 39382 ||| FLEEEEING.
 39383 | Depths:1 | 39383 ||| FLEEEEING.
 39384 | Depths:1 | 39384 ||| FLEEEEING.
 39385 | Depths:1 | 39385 ||| FLEEEEING.
 39386 | Depths:1 | 39386 ||| FLEEEEING.
 39387 | Depths:1 | 39387 ||| FLEEEEING.
 39388 | Depths:1 | 39388 ||| FLEEEEING.
 39389 | Depths:1 | 39389 ||| FLEEEEING.
 39390 | Depths:1 | 39390 ||| FLEEEEING.
 39513 | Depths:1 | 39513 ||| FLEEEEING.
 39514 | Depths:1 | 39514 ||| FLEEEEING.
 39515 | Depths:1 | 39515 ||| FLEEEEING.
 39516 | Depths:1 | 39516 ||| FLEEEEING.
 39517 | Depths:1 | 39517 ||| FLEEEEING.
 39599 | Depths:1 | 39599 ||| FLEEEEING.
 39600 | Depths:1 | 39600 ||| FLEEEEING.
 39601 | Depths:1 | 39601 ||| FLEEEEING.
 39602 | Depths:1 | 39602 ||| FLEEEEING.
 39603 | Depths:1 | 39603 ||| FLEEEEING.
 39604 | Depths:1 | 39604 ||| FLEEEEING.
 39712 | Depths:1 | 39712 ||| FLEEEEING.
 39713 | Depths:1 | 39713 ||| FLEEEEING.
 39716 | Depths:1 | 39716 ||| FLEEEEING.
 39717 | Depths:1 | 39717 ||| FLEEEEING.
 39718 | Depths:1 | 39718 ||| FLEEEEING.
 39719 | Depths:1 | 39719 ||| FLEEEEING.
 39833 | Depths:1 | 39833 ||| FLEEEEING.
 39834 | Depths:1 | 39834 ||| FLEEEEING.
 39836 | Depths:1 | 39836 ||| FLEEEEING.
 39912 | Depths:1 | 39912 ||| FLEEEEING.
 39913 | Depths:1 | 39913 ||| FLEEEEING.
 39914 | Depths:1 | 39914 ||| FLEEEEING.
 39916 | Depths:1 | 39916 ||| FLEEEEING.
 40027 | Depths:1 | 40027 ||| FLEEEEING.
 40028 | Depths:1 | 40028 ||| FLEEEEING.
 40029 | Depths:1 | 40029 ||| FLEEEEING.
 40030 | Depths:1 | 40030 ||| FLEEEEING.
 40031 | Depths:1 | 40031 ||| FLEEEEING.
 40032 | Depths:1 | 40032 ||| FLEEEEING.
 40033 | Depths:1 | 40033 ||| FLEEEEING.
 40034 | Depths:1 | 40034 ||| FLEEEEING.
 40036 | Depths:1 | 40036 ||| FLEEEEING.
 40153 | Depths:1 | 40153 ||| FLEEEEING.
 40154 | Depths:1 | 40154 ||| FLEEEEING.
 40155 | Depths:1 | 40155 ||| FLEEEEING.
 40156 | Depths:1 | 40156 ||| FLEEEEING.
 40157 | Depths:1 | 40157 ||| FLEEEEING.
 40290 | Depths:1 | 40290 ||| FLEEEEING.
 40291 | Depths:1 | 40291 ||| FLEEEEING.
 40292 | Depths:1 | 40292 ||| FLEEEEING.
 40293 | Depths:1 | 40293 ||| FLEEEEING.
 40294 | Depths:1 | 40294 ||| FLEEEEING.
 40295 | Depths:1 | 40295 ||| FLEEEEING.
 40296 | Depths:1 | 40296 ||| FLEEEEING.
 40297 | Depths:1 | 40297 ||| FLEEEEING.
 40313 | Depths:1 | Glimpsed the power of Zot.
 40417 | Depths:1 | 40417 ||| FLEEEEING.
 40418 | Depths:1 | 40418 ||| FLEEEEING.
 40419 | Depths:1 | 40419 ||| FLEEEEING.
 40420 | Depths:1 | 40420 ||| FLEEEEING.
 40421 | Depths:1 | 40421 ||| FLEEEEING.
 40422 | Depths:1 | 40422 ||| FLEEEEING.
 40545 | Depths:1 | 40545 ||| FLEEEEING.
 40546 | Depths:1 | 40546 ||| FLEEEEING.
 40547 | Depths:1 | 40547 ||| FLEEEEING.
 40548 | Depths:1 | 40548 ||| FLEEEEING.
 40549 | Depths:1 | 40549 ||| FLEEEEING.
 40550 | Depths:1 | 40550 ||| FLEEEEING.
 40551 | Depths:1 | 40551 ||| FLEEEEING.
 40552 | Depths:1 | 40552 ||| FLEEEEING.
 40553 | Depths:1 | 40553 ||| FLEEEEING.
 40554 | Depths:1 | 40554 ||| FLEEEEING.
 40555 | Depths:1 | 40555 ||| FLEEEEING.
 40740 | Depths:1 | 40740 ||| FLEEEEING.
 40741 | Depths:1 | 40741 ||| FLEEEEING.
 40742 | Depths:1 | 40742 ||| FLEEEEING.
 40776 | Depths:1 | Glimpsed the power of Zot.
 40825 | Depths:1 | 40825 ||| FLEEEEING.
 40826 | Depths:1 | 40826 ||| FLEEEEING.
 40827 | Depths:1 | 40827 ||| FLEEEEING.
 40900 | Depths:1 | 40900 ||| FLEEEEING.
 40901 | Depths:1 | 40901 ||| FLEEEEING.
 40902 | Depths:1 | 40902 ||| FLEEEEING.
 40903 | Depths:1 | 40903 ||| FLEEEEING.
 40904 | Depths:1 | 40904 ||| FLEEEEING.
 40905 | Depths:1 | 40905 ||| FLEEEEING.
 40906 | Depths:1 | 40906 ||| FLEEEEING.
 40908 | Depths:1 | 40908 ||| FLEEEEING.
 41015 | Depths:1 | 41015 ||| FLEEEEING.
 41016 | Depths:1 | 41016 ||| FLEEEEING.
 41017 | Depths:1 | 41017 ||| FLEEEEING.
 41018 | Depths:1 | 41018 ||| FLEEEEING.
 41019 | Depths:1 | 41019 ||| FLEEEEING.
 41020 | Depths:1 | 41020 ||| FLEEEEING.
 41021 | Depths:1 | 41021 ||| FLEEEEING.
 41136 | Depths:1 | Glimpsed the power of Zot.
 41233 | Depths:1 | Touched by the power of Zot (MHP 219 -> 180)
 41234 | Depths:1 | Glimpsed the power of Zot.
 41272 | Depths:1 | 41272 ||| INVOKING Heroism.
 41436 | Depths:1 | 41436 ||| Stepping randomly (stuck).
 41437 | Depths:1 | 41437 ||| Stepping randomly (stuck).
 41438 | Depths:1 | 41438 ||| Stepping randomly (stuck).
 41439 | Depths:1 | 41439 ||| Stepping randomly (stuck).
 41440 | Depths:1 | 41440 ||| Stepping randomly (stuck).
 41441 | Depths:1 | 41441 ||| Stepping randomly (stuck).
 41442 | Depths:1 | 41442 ||| Stepping randomly (stuck).
 41443 | Depths:1 | 41443 ||| Stepping randomly (stuck).
 41444 | Depths:1 | 41444 ||| Stepping randomly (stuck).
 41445 | Depths:1 | 41445 ||| Stepping randomly (stuck).
 41446 | Depths:1 | 41446 ||| Stepping randomly (stuck).
 41447 | Depths:1 | 41447 ||| Stepping randomly (stuck).
 41448 | Depths:1 | 41448 ||| Stepping randomly (stuck).
 41449 | Depths:1 | 41449 ||| Stepping randomly (stuck).
 41450 | Depths:1 | 41450 ||| Stepping randomly (stuck).
 41451 | Depths:1 | 41451 ||| Stepping randomly (stuck).
 41452 | Depths:1 | 41452 ||| Stepping randomly (stuck).
 41453 | Depths:1 | 41453 ||| Stepping randomly (stuck).
 41454 | Depths:1 | 41454 ||| Stepping randomly (stuck).
 41455 | Depths:1 | 41455 ||| Stepping randomly (stuck).
 41456 | Depths:1 | 41456 ||| Stepping randomly (stuck).
 41457 | Depths:1 | 41457 ||| Stepping randomly (stuck).
 41458 | Depths:1 | 41458 ||| Stepping randomly (stuck).
 41459 | Depths:1 | 41459 ||| Stepping randomly (stuck).
 41460 | Depths:1 | 41460 ||| Stepping randomly (stuck).
 41461 | Depths:1 | 41461 ||| Stepping randomly (stuck).
 41462 | Depths:1 | 41462 ||| Stepping randomly (stuck).
 41463 | Depths:1 | 41463 ||| Stepping randomly (stuck).
 41464 | Depths:1 | 41464 ||| Stepping randomly (stuck).
 41465 | Depths:1 | 41465 ||| Stepping randomly (stuck).
 41466 | Depths:1 | 41466 ||| Stepping randomly (stuck).
 41467 | Depths:1 | 41467 ||| Stepping randomly (stuck).
 41468 | Depths:1 | 41468 ||| Stepping randomly (stuck).
 41469 | Depths:1 | 41469 ||| Stepping randomly (stuck).
 41470 | Depths:1 | 41470 ||| Stepping randomly (stuck).
 41471 | Depths:1 | 41471 ||| Stepping randomly (stuck).
 41472 | Depths:1 | 41472 ||| Stepping randomly (stuck).
 41473 | Depths:1 | 41473 ||| Stepping randomly (stuck).
 41474 | Depths:1 | 41474 ||| Stepping randomly (stuck).
 41475 | Depths:1 | 41475 ||| Stepping randomly (stuck).
 41476 | Depths:1 | 41476 ||| Stepping randomly (stuck).
 41477 | Depths:1 | 41477 ||| Stepping randomly (stuck).
 41478 | Depths:1 | 41478 ||| Stepping randomly (stuck).
 41479 | Depths:1 | 41479 ||| Stepping randomly (stuck).
 41480 | Depths:1 | 41480 ||| Stepping randomly (stuck).
 41481 | Depths:1 | 41481 ||| Stepping randomly (stuck).
 41482 | Depths:1 | 41482 ||| Stepping randomly (stuck).
 41483 | Depths:1 | 41483 ||| Stepping randomly (stuck).
 41484 | Depths:1 | 41484 ||| Stepping randomly (stuck).
 41485 | Depths:1 | 41485 ||| Stepping randomly (stuck).
 41486 | Depths:1 | 41486 ||| Stepping randomly (stuck).
 41487 | Depths:1 | 41487 ||| READING 6 scrolls of teleportation.
 41491 | Depths:1 | 41491 ||| READING 5 scrolls of teleportation.
 41496 | Depths:1 | 41496 ||| READING 4 scrolls of teleportation.
 41500 | Depths:1 | 41500 ||| READING 3 scrolls of teleportation.
 41504 | Depths:1 | 41504 ||| READING 2 scrolls of teleportation.
 41509 | Depths:1 | 41509 ||| READING scroll of teleportation.
 41514 | Depths:1 | 41514 ||| Stepping randomly (stuck).
 41515 | Depths:1 | 41515 ||| Stepping randomly (stuck).
 41516 | Depths:1 | 41516 ||| Stepping randomly (stuck).
 41517 | Depths:1 | 41517 ||| Stepping randomly (stuck).
 41518 | Depths:1 | 41518 ||| Stepping randomly (stuck).
 41519 | Depths:1 | 41519 ||| Stepping randomly (stuck).
 41520 | Depths:1 | 41520 ||| Stepping randomly (stuck).
 41521 | Depths:1 | 41521 ||| Stepping randomly (stuck).
 41522 | Depths:1 | 41522 ||| Stepping randomly (stuck).
 41523 | Depths:1 | 41523 ||| Stepping randomly (stuck).
 41524 | Depths:1 | 41524 ||| Stepping randomly (stuck).
 41525 | Depths:1 | 41525 ||| Stepping randomly (stuck).
 41526 | Depths:1 | 41526 ||| Stepping randomly (stuck).
 41527 | Depths:1 | 41527 ||| Stepping randomly (stuck).
 41528 | Depths:1 | 41528 ||| Stepping randomly (stuck).
 41529 | Depths:1 | 41529 ||| Stepping randomly (stuck).
 41530 | Depths:1 | 41530 ||| Stepping randomly (stuck).
 41531 | Depths:1 | 41531 ||| Stepping randomly (stuck).
 41532 | Depths:1 | 41532 ||| Stepping randomly (stuck).
 41533 | Depths:1 | 41533 ||| Stepping randomly (stuck).
 41534 | Depths:1 | 41534 ||| Stepping randomly (stuck).
 41535 | Depths:1 | 41535 ||| Stepping randomly (stuck).
 41536 | Depths:1 | 41536 ||| Stepping randomly (stuck).
 41537 | Depths:1 | 41537 ||| Stepping randomly (stuck).
 41538 | Depths:1 | 41538 ||| Stepping randomly (stuck).
 41539 | Depths:1 | 41539 ||| Stepping randomly (stuck).
 41540 | Depths:1 | 41540 ||| Stepping randomly (stuck).
 41541 | Depths:1 | 41541 ||| Stepping randomly (stuck).
 41542 | Depths:1 | 41542 ||| Stepping randomly (stuck).
 41543 | Depths:1 | 41543 ||| Stepping randomly (stuck).
 41544 | Depths:1 | 41544 ||| Stepping randomly (stuck).
 41545 | Depths:1 | 41545 ||| Stepping randomly (stuck).
 41546 | Depths:1 | 41546 ||| Stepping randomly (stuck).
 41547 | Depths:1 | 41547 ||| Stepping randomly (stuck).
 41548 | Depths:1 | 41548 ||| Stepping randomly (stuck).
 41549 | Depths:1 | 41549 ||| Stepping randomly (stuck).
 41550 | Depths:1 | 41550 ||| Stepping randomly (stuck).
 41551 | Depths:1 | 41551 ||| Stepping randomly (stuck).
 41552 | Depths:1 | 41552 ||| Stepping randomly (stuck).
 41553 | Depths:1 | 41553 ||| Stepping randomly (stuck).
 41554 | Depths:1 | 41554 ||| Stepping randomly (stuck).
 41555 | Depths:1 | 41555 ||| Stepping randomly (stuck).
 41556 | Depths:1 | 41556 ||| Stepping randomly (stuck).
 41557 | Depths:1 | 41557 ||| Stepping randomly (stuck).
 41558 | Depths:1 | 41558 ||| Stepping randomly (stuck).
 41559 | Depths:1 | 41559 ||| Stepping randomly (stuck).
 41560 | Depths:1 | 41560 ||| Stepping randomly (stuck).
 41561 | Depths:1 | 41561 ||| Stepping randomly (stuck).
 41562 | Depths:1 | 41562 ||| Stepping randomly (stuck).
 41563 | Depths:1 | 41563 ||| Stepping randomly (stuck).
 41564 | Depths:1 | 41564 ||| Stepping randomly (stuck).
 41565 | Depths:1 | 41565 ||| Stepping randomly (stuck).
 41566 | Depths:1 | 41566 ||| Stepping randomly (stuck).
 41567 | Depths:1 | 41567 ||| Stepping randomly (stuck).
 41568 | Depths:1 | 41568 ||| Stepping randomly (stuck).
 41569 | Depths:1 | 41569 ||| Stepping randomly (stuck).
 41570 | Depths:1 | 41570 ||| Stepping randomly (stuck).
 41571 | Depths:1 | 41571 ||| Stepping randomly (stuck).
 41572 | Depths:1 | 41572 ||| Stepping randomly (stuck).
 41573 | Depths:1 | 41573 ||| Stepping randomly (stuck).
 41574 | Depths:1 | 41574 ||| Stepping randomly (stuck).
 41575 | Depths:1 | 41575 ||| Stepping randomly (stuck).
 41576 | Depths:1 | 41576 ||| Stepping randomly (stuck).
 41577 | Depths:1 | 41577 ||| Stepping randomly (stuck).
 41578 | Depths:1 | 41578 ||| Stepping randomly (stuck).
 41579 | Depths:1 | 41579 ||| Stepping randomly (stuck).
 41580 | Depths:1 | 41580 ||| Stepping randomly (stuck).
 41581 | Depths:1 | 41581 ||| Stepping randomly (stuck).
 41582 | Depths:1 | 41582 ||| Stepping randomly (stuck).
 41583 | Depths:1 | 41583 ||| Stepping randomly (stuck).
 41584 | Depths:1 | 41584 ||| Stepping randomly (stuck).
 41585 | Depths:1 | 41585 ||| Stepping randomly (stuck).
 41586 | Depths:1 | 41586 ||| Stepping randomly (stuck).
 41587 | Depths:1 | 41587 ||| Stepping randomly (stuck).
 41588 | Depths:1 | 41588 ||| Stepping randomly (stuck).
 41589 | Depths:1 | 41589 ||| Stepping randomly (stuck).
 41590 | Depths:1 | 41590 ||| Stepping randomly (stuck).
 41591 | Depths:1 | 41591 ||| Stepping randomly (stuck).
 41592 | Depths:1 | 41592 ||| Stepping randomly (stuck).
 41593 | Depths:1 | 41593 ||| Stepping randomly (stuck).
 41594 | Depths:1 | 41594 ||| Stepping randomly (stuck).
 41595 | Depths:1 | 41595 ||| Stepping randomly (stuck).
 41596 | Depths:1 | 41596 ||| Stepping randomly (stuck).
 41597 | Depths:1 | 41597 ||| Stepping randomly (stuck).
 41598 | Depths:1 | 41598 ||| Stepping randomly (stuck).
 41599 | Depths:1 | 41599 ||| Stepping randomly (stuck).
 41600 | Depths:1 | 41600 ||| Stepping randomly (stuck).
 41601 | Depths:1 | 41601 ||| Stepping randomly (stuck).
 41602 | Depths:1 | 41602 ||| Stepping randomly (stuck).
 41602 | Depths:1 | Glimpsed the power of Zot.
 41603 | Depths:1 | 41603 ||| Stepping randomly (stuck).
 41604 | Depths:1 | 41604 ||| Stepping randomly (stuck).
 41605 | Depths:1 | 41605 ||| Stepping randomly (stuck).
 41606 | Depths:1 | 41606 ||| Stepping randomly (stuck).
 41607 | Depths:1 | 41607 ||| Stepping randomly (stuck).
 41608 | Depths:1 | 41608 ||| Stepping randomly (stuck).
 41609 | Depths:1 | 41609 ||| Stepping randomly (stuck).
 41610 | Depths:1 | 41610 ||| Stepping randomly (stuck).
 41611 | Depths:1 | 41611 ||| Stepping randomly (stuck).
 41612 | Depths:1 | 41612 ||| Stepping randomly (stuck).
 41613 | Depths:1 | 41613 ||| Stepping randomly (stuck).
 41614 | Depths:1 | 41614 ||| Stepping randomly (stuck).
 41615 | Depths:1 | 41615 ||| Stepping randomly (stuck).
 41616 | Depths:1 | 41616 ||| Stepping randomly (stuck).
 41617 | Depths:1 | 41617 ||| Stepping randomly (stuck).
 41618 | Depths:1 | 41618 ||| Stepping randomly (stuck).
 41619 | Depths:1 | 41619 ||| Stepping randomly (stuck).
 41620 | Depths:1 | 41620 ||| Stepping randomly (stuck).
 41621 | Depths:1 | 41621 ||| Stepping randomly (stuck).
 41622 | Depths:1 | 41622 ||| Stepping randomly (stuck).
 41623 | Depths:1 | 41623 ||| Stepping randomly (stuck).
 41624 | Depths:1 | 41624 ||| Stepping randomly (stuck).
 41625 | Depths:1 | 41625 ||| Stepping randomly (stuck).
 41626 | Depths:1 | 41626 ||| Stepping randomly (stuck).
 41627 | Depths:1 | 41627 ||| Stepping randomly (stuck).
 41628 | Depths:1 | 41628 ||| Stepping randomly (stuck).
 41629 | Depths:1 | 41629 ||| Stepping randomly (stuck).
 41630 | Depths:1 | 41630 ||| Stepping randomly (stuck).
 41631 | Depths:1 | 41631 ||| Stepping randomly (stuck).
 41632 | Depths:1 | 41632 ||| Stepping randomly (stuck).
 41633 | Depths:1 | 41633 ||| Stepping randomly (stuck).
 41634 | Depths:1 | 41634 ||| Stepping randomly (stuck).
 41635 | Depths:1 | 41635 ||| Stepping randomly (stuck).
 41636 | Depths:1 | 41636 ||| Stepping randomly (stuck).
 41637 | Depths:1 | 41637 ||| Stepping randomly (stuck).
 41638 | Depths:1 | 41638 ||| Stepping randomly (stuck).
 41639 | Depths:1 | 41639 ||| Stepping randomly (stuck).
 41640 | Depths:1 | 41640 ||| Stepping randomly (stuck).
 41641 | Depths:1 | 41641 ||| Stepping randomly (stuck).
 41642 | Depths:1 | 41642 ||| Stepping randomly (stuck).
 41643 | Depths:1 | 41643 ||| Stepping randomly (stuck).
 41644 | Depths:1 | 41644 ||| Stepping randomly (stuck).
 41645 | Depths:1 | 41645 ||| Stepping randomly (stuck).
 41646 | Depths:1 | 41646 ||| Stepping randomly (stuck).
 41647 | Depths:1 | 41647 ||| Stepping randomly (stuck).
 41648 | Depths:1 | 41648 ||| Stepping randomly (stuck).
 41649 | Depths:1 | 41649 ||| Stepping randomly (stuck).
 41650 | Depths:1 | 41650 ||| Stepping randomly (stuck).
 41651 | Depths:1 | 41651 ||| Stepping randomly (stuck).
 41652 | Depths:1 | 41652 ||| Stepping randomly (stuck).
 41653 | Depths:1 | 41653 ||| Stepping randomly (stuck).
 41654 | Depths:1 | 41654 ||| Stepping randomly (stuck).
 41655 | Depths:1 | 41655 ||| Stepping randomly (stuck).
 41656 | Depths:1 | 41656 ||| Stepping randomly (stuck).
 41657 | Depths:1 | 41657 ||| Stepping randomly (stuck).
 41658 | Depths:1 | 41658 ||| Stepping randomly (stuck).
 41659 | Depths:1 | 41659 ||| Stepping randomly (stuck).
 41660 | Depths:1 | 41660 ||| Stepping randomly (stuck).
 41661 | Depths:1 | 41661 ||| Stepping randomly (stuck).
 41662 | Depths:1 | 41662 ||| Stepping randomly (stuck).
 41663 | Depths:1 | 41663 ||| Stepping randomly (stuck).
 41664 | Depths:1 | 41664 ||| Stepping randomly (stuck).
 41665 | Depths:1 | 41665 ||| Stepping randomly (stuck).
 41666 | Depths:1 | 41666 ||| Stepping randomly (stuck).
 41667 | Depths:1 | 41667 ||| Stepping randomly (stuck).
 41668 | Depths:1 | 41668 ||| Stepping randomly (stuck).
 41669 | Depths:1 | 41669 ||| Stepping randomly (stuck).
 41670 | Depths:1 | 41670 ||| Stepping randomly (stuck).
 41671 | Depths:1 | 41671 ||| Stepping randomly (stuck).
 41672 | Depths:1 | 41672 ||| Stepping randomly (stuck).
 41673 | Depths:1 | 41673 ||| Stepping randomly (stuck).
 41674 | Depths:1 | 41674 ||| Stepping randomly (stuck).
 41675 | Depths:1 | 41675 ||| Stepping randomly (stuck).
 41676 | Depths:1 | 41676 ||| Stepping randomly (stuck).
 41677 | Depths:1 | 41677 ||| Stepping randomly (stuck).
 41678 | Depths:1 | 41678 ||| Stepping randomly (stuck).
 41679 | Depths:1 | 41679 ||| Stepping randomly (stuck).
 41680 | Depths:1 | 41680 ||| Stepping randomly (stuck).
 41681 | Depths:1 | 41681 ||| Stepping randomly (stuck).
 41682 | Depths:1 | 41682 ||| Stepping randomly (stuck).
 41683 | Depths:1 | 41683 ||| Stepping randomly (stuck).
 41684 | Depths:1 | 41684 ||| Stepping randomly (stuck).
 41685 | Depths:1 | 41685 ||| Stepping randomly (stuck).
 41686 | Depths:1 | 41686 ||| Stepping randomly (stuck).
 41687 | Depths:1 | 41687 ||| Stepping randomly (stuck).
 41688 | Depths:1 | 41688 ||| Stepping randomly (stuck).
 41689 | Depths:1 | 41689 ||| Stepping randomly (stuck).
 41690 | Depths:1 | 41690 ||| Stepping randomly (stuck).
 41691 | Depths:1 | 41691 ||| Stepping randomly (stuck).
 41692 | Depths:1 | 41692 ||| Stepping randomly (stuck).
 41693 | Depths:1 | 41693 ||| Stepping randomly (stuck).
 41694 | Depths:1 | 41694 ||| Stepping randomly (stuck).
 41695 | Depths:1 | 41695 ||| Stepping randomly (stuck).
 41696 | Depths:1 | 41696 ||| Stepping randomly (stuck).
 41697 | Depths:1 | 41697 ||| Stepping randomly (stuck).
 41698 | Depths:1 | 41698 ||| Stepping randomly (stuck).
 41699 | Depths:1 | 41699 ||| Stepping randomly (stuck).
 41700 | Depths:1 | 41700 ||| Stepping randomly (stuck).
 41701 | Depths:1 | 41701 ||| Stepping randomly (stuck).
 41702 | Depths:1 | 41702 ||| Stepping randomly (stuck).
 41703 | Depths:1 | 41703 ||| Stepping randomly (stuck).
 41704 | Depths:1 | 41704 ||| Stepping randomly (stuck).
 41705 | Depths:1 | 41705 ||| Stepping randomly (stuck).
 41706 | Depths:1 | 41706 ||| Stepping randomly (stuck).
 41707 | Depths:1 | 41707 ||| Stepping randomly (stuck).
 41708 | Depths:1 | 41708 ||| Stepping randomly (stuck).
 41709 | Depths:1 | 41709 ||| Stepping randomly (stuck).
 41710 | Depths:1 | 41710 ||| Stepping randomly (stuck).
 41711 | Depths:1 | 41711 ||| Stepping randomly (stuck).
 41712 | Depths:1 | 41712 ||| Stepping randomly (stuck).
 41713 | Depths:1 | 41713 ||| Stepping randomly (stuck).
 41714 | Depths:1 | 41714 ||| Stepping randomly (stuck).
 41715 | Depths:1 | 41715 ||| Stepping randomly (stuck).
 41716 | Depths:1 | 41716 ||| Stepping randomly (stuck).
 41717 | Depths:1 | 41717 ||| Stepping randomly (stuck).
 41718 | Depths:1 | 41718 ||| Stepping randomly (stuck).
 41719 | Depths:1 | 41719 ||| Stepping randomly (stuck).
 41720 | Depths:1 | 41720 ||| Stepping randomly (stuck).
 41721 | Depths:1 | 41721 ||| Stepping randomly (stuck).
 41722 | Depths:1 | 41722 ||| Stepping randomly (stuck).
 41723 | Depths:1 | 41723 ||| Stepping randomly (stuck).
 41724 | Depths:1 | 41724 ||| Stepping randomly (stuck).
 41725 | Depths:1 | 41725 ||| Stepping randomly (stuck).
 41726 | Depths:1 | 41726 ||| Stepping randomly (stuck).
 41727 | Depths:1 | 41727 ||| Stepping randomly (stuck).
 41728 | Depths:1 | 41728 ||| Stepping randomly (stuck).
 41729 | Depths:1 | 41729 ||| Stepping randomly (stuck).
 41730 | Depths:1 | 41730 ||| Stepping randomly (stuck).
 41731 | Depths:1 | 41731 ||| Stepping randomly (stuck).
 41732 | Depths:1 | 41732 ||| Stepping randomly (stuck).
 41733 | Depths:1 | 41733 ||| Stepping randomly (stuck).
 41734 | Depths:1 | 41734 ||| Stepping randomly (stuck).
 41735 | Depths:1 | 41735 ||| Stepping randomly (stuck).
 41736 | Depths:1 | 41736 ||| Stepping randomly (stuck).
 41737 | Depths:1 | 41737 ||| Stepping randomly (stuck).
 41738 | Depths:1 | 41738 ||| Stepping randomly (stuck).
 41739 | Depths:1 | 41739 ||| Stepping randomly (stuck).
 41740 | Depths:1 | 41740 ||| Stepping randomly (stuck).
 41741 | Depths:1 | 41741 ||| Stepping randomly (stuck).
 41742 | Depths:1 | 41742 ||| Stepping randomly (stuck).
 41743 | Depths:1 | 41743 ||| Stepping randomly (stuck).
 41744 | Depths:1 | 41744 ||| Stepping randomly (stuck).
 41745 | Depths:1 | 41745 ||| Stepping randomly (stuck).
 41746 | Depths:1 | 41746 ||| Stepping randomly (stuck).
 41747 | Depths:1 | 41747 ||| Stepping randomly (stuck).
 41748 | Depths:1 | 41748 ||| Stepping randomly (stuck).
 41749 | Depths:1 | 41749 ||| Stepping randomly (stuck).
 41750 | Depths:1 | 41750 ||| Stepping randomly (stuck).
 41751 | Depths:1 | 41751 ||| Stepping randomly (stuck).
 41752 | Depths:1 | 41752 ||| Stepping randomly (stuck).
 41753 | Depths:1 | 41753 ||| Stepping randomly (stuck).
 41754 | Depths:1 | 41754 ||| Stepping randomly (stuck).
 41755 | Depths:1 | 41755 ||| Stepping randomly (stuck).
 41756 | Depths:1 | 41756 ||| Stepping randomly (stuck).
 41757 | Depths:1 | 41757 ||| Stepping randomly (stuck).
 41758 | Depths:1 | 41758 ||| Stepping randomly (stuck).
 41759 | Depths:1 | 41759 ||| Stepping randomly (stuck).
 41760 | Depths:1 | 41760 ||| Stepping randomly (stuck).
 41761 | Depths:1 | 41761 ||| Stepping randomly (stuck).
 41762 | Depths:1 | 41762 ||| Stepping randomly (stuck).
 41763 | Depths:1 | 41763 ||| Stepping randomly (stuck).
 41764 | Depths:1 | 41764 ||| Stepping randomly (stuck).
 41765 | Depths:1 | 41765 ||| Stepping randomly (stuck).
 41766 | Depths:1 | 41766 ||| Stepping randomly (stuck).
 41767 | Depths:1 | 41767 ||| Stepping randomly (stuck).
 41768 | Depths:1 | 41768 ||| Stepping randomly (stuck).
 41769 | Depths:1 | 41769 ||| Stepping randomly (stuck).
 41770 | Depths:1 | 41770 ||| Stepping randomly (stuck).
 41771 | Depths:1 | 41771 ||| Stepping randomly (stuck).
 41772 | Depths:1 | 41772 ||| Stepping randomly (stuck).
 41773 | Depths:1 | 41773 ||| Stepping randomly (stuck).
 41774 | Depths:1 | 41774 ||| Stepping randomly (stuck).
 41775 | Depths:1 | 41775 ||| Stepping randomly (stuck).
 41776 | Depths:1 | 41776 ||| Stepping randomly (stuck).
 41777 | Depths:1 | 41777 ||| Stepping randomly (stuck).
 41778 | Depths:1 | 41778 ||| Stepping randomly (stuck).
 41779 | Depths:1 | 41779 ||| Stepping randomly (stuck).
 41780 | Depths:1 | 41780 ||| Stepping randomly (stuck).
 41781 | Depths:1 | 41781 ||| Stepping randomly (stuck).
 41782 | Depths:1 | 41782 ||| Stepping randomly (stuck).
 41783 | Depths:1 | 41783 ||| Stepping randomly (stuck).
 41784 | Depths:1 | 41784 ||| Stepping randomly (stuck).
 41785 | Depths:1 | 41785 ||| Stepping randomly (stuck).
 41786 | Depths:1 | 41786 ||| Stepping randomly (stuck).
 41787 | Depths:1 | 41787 ||| Stepping randomly (stuck).
 41788 | Depths:1 | 41788 ||| Stepping randomly (stuck).
 41789 | Depths:1 | 41789 ||| Stepping randomly (stuck).
 41790 | Depths:1 | 41790 ||| Stepping randomly (stuck).
 41791 | Depths:1 | 41791 ||| Stepping randomly (stuck).
 41792 | Depths:1 | 41792 ||| Stepping randomly (stuck).
 41793 | Depths:1 | 41793 ||| Stepping randomly (stuck).
 41794 | Depths:1 | 41794 ||| Stepping randomly (stuck).
 41795 | Depths:1 | 41795 ||| Stepping randomly (stuck).
 41796 | Depths:1 | 41796 ||| Stepping randomly (stuck).
 41797 | Depths:1 | 41797 ||| Stepping randomly (stuck).
 41798 | Depths:1 | 41798 ||| Stepping randomly (stuck).
 41799 | Depths:1 | 41799 ||| Stepping randomly (stuck).
 41800 | Depths:1 | 41800 ||| Stepping randomly (stuck).
 41801 | Depths:1 | 41801 ||| Stepping randomly (stuck).
 41802 | Depths:1 | 41802 ||| Stepping randomly (stuck).
 41803 | Depths:1 | 41803 ||| Stepping randomly (stuck).
 41804 | Depths:1 | 41804 ||| Stepping randomly (stuck).
 41805 | Depths:1 | 41805 ||| Stepping randomly (stuck).
 41806 | Depths:1 | 41806 ||| Stepping randomly (stuck).
 41807 | Depths:1 | 41807 ||| Stepping randomly (stuck).
 41808 | Depths:1 | 41808 ||| Stepping randomly (stuck).
 41809 | Depths:1 | 41809 ||| Stepping randomly (stuck).
 41810 | Depths:1 | 41810 ||| Stepping randomly (stuck).
 41811 | Depths:1 | 41811 ||| Stepping randomly (stuck).
 41812 | Depths:1 | 41812 ||| Stepping randomly (stuck).
 41813 | Depths:1 | 41813 ||| Stepping randomly (stuck).
 41814 | Depths:1 | 41814 ||| Stepping randomly (stuck).
 41815 | Depths:1 | 41815 ||| Stepping randomly (stuck).
 41816 | Depths:1 | 41816 ||| Stepping randomly (stuck).
 41817 | Depths:1 | 41817 ||| Stepping randomly (stuck).
 41818 | Depths:1 | 41818 ||| Stepping randomly (stuck).
 41819 | Depths:1 | 41819 ||| Stepping randomly (stuck).
 41820 | Depths:1 | 41820 ||| Stepping randomly (stuck).
 41821 | Depths:1 | 41821 ||| Stepping randomly (stuck).
 41822 | Depths:1 | 41822 ||| Stepping randomly (stuck).
 41823 | Depths:1 | 41823 ||| Stepping randomly (stuck).
 41824 | Depths:1 | 41824 ||| Stepping randomly (stuck).
 41825 | Depths:1 | 41825 ||| Stepping randomly (stuck).
 41826 | Depths:1 | 41826 ||| Stepping randomly (stuck).
 41827 | Depths:1 | 41827 ||| Stepping randomly (stuck).
 41828 | Depths:1 | 41828 ||| Stepping randomly (stuck).
 41829 | Depths:1 | 41829 ||| Stepping randomly (stuck).
 41830 | Depths:1 | 41830 ||| Stepping randomly (stuck).
 41831 | Depths:1 | 41831 ||| Stepping randomly (stuck).
 41832 | Depths:1 | 41832 ||| Stepping randomly (stuck).
 41833 | Depths:1 | 41833 ||| Stepping randomly (stuck).
 41834 | Depths:1 | 41834 ||| Stepping randomly (stuck).
 41835 | Depths:1 | 41835 ||| Stepping randomly (stuck).
 41836 | Depths:1 | 41836 ||| Stepping randomly (stuck).
 41837 | Depths:1 | 41837 ||| Stepping randomly (stuck).
 41838 | Depths:1 | 41838 ||| Stepping randomly (stuck).
 41839 | Depths:1 | 41839 ||| Stepping randomly (stuck).
 41840 | Depths:1 | 41840 ||| Stepping randomly (stuck).
 41841 | Depths:1 | 41841 ||| Stepping randomly (stuck).
 41842 | Depths:1 | 41842 ||| Stepping randomly (stuck).
 41843 | Depths:1 | 41843 ||| Stepping randomly (stuck).
 41844 | Depths:1 | 41844 ||| Stepping randomly (stuck).
 41845 | Depths:1 | 41845 ||| Stepping randomly (stuck).
 41846 | Depths:1 | 41846 ||| Stepping randomly (stuck).
 41847 | Depths:1 | 41847 ||| Stepping randomly (stuck).
 41848 | Depths:1 | 41848 ||| Stepping randomly (stuck).
 41849 | Depths:1 | 41849 ||| Stepping randomly (stuck).
 41850 | Depths:1 | 41850 ||| Stepping randomly (stuck).
 41851 | Depths:1 | 41851 ||| Stepping randomly (stuck).
 41852 | Depths:1 | 41852 ||| Stepping randomly (stuck).
 41853 | Depths:1 | 41853 ||| Stepping randomly (stuck).
 41854 | Depths:1 | 41854 ||| Stepping randomly (stuck).
 41855 | Depths:1 | 41855 ||| Stepping randomly (stuck).
 41856 | Depths:1 | 41856 ||| Stepping randomly (stuck).
 41857 | Depths:1 | 41857 ||| Stepping randomly (stuck).
 41858 | Depths:1 | 41858 ||| Stepping randomly (stuck).
 41859 | Depths:1 | 41859 ||| Stepping randomly (stuck).
 41860 | Depths:1 | 41860 ||| Stepping randomly (stuck).
 41861 | Depths:1 | 41861 ||| Stepping randomly (stuck).
 41862 | Depths:1 | 41862 ||| Stepping randomly (stuck).
 41863 | Depths:1 | 41863 ||| Stepping randomly (stuck).
 41864 | Depths:1 | 41864 ||| Stepping randomly (stuck).
 41865 | Depths:1 | 41865 ||| Stepping randomly (stuck).
 41866 | Depths:1 | 41866 ||| Stepping randomly (stuck).
 41867 | Depths:1 | 41867 ||| Stepping randomly (stuck).
 41868 | Depths:1 | 41868 ||| Stepping randomly (stuck).
 41869 | Depths:1 | 41869 ||| Stepping randomly (stuck).
 41870 | Depths:1 | 41870 ||| Stepping randomly (stuck).
 41871 | Depths:1 | 41871 ||| Stepping randomly (stuck).
 41872 | Depths:1 | 41872 ||| Stepping randomly (stuck).
 41873 | Depths:1 | 41873 ||| Stepping randomly (stuck).
 41874 | Depths:1 | 41874 ||| Stepping randomly (stuck).
 41875 | Depths:1 | 41875 ||| Stepping randomly (stuck).
 41876 | Depths:1 | 41876 ||| Stepping randomly (stuck).
 41877 | Depths:1 | 41877 ||| Stepping randomly (stuck).
 41878 | Depths:1 | 41878 ||| Stepping randomly (stuck).
 41879 | Depths:1 | 41879 ||| Stepping randomly (stuck).
 41880 | Depths:1 | 41880 ||| Stepping randomly (stuck).
 41881 | Depths:1 | 41881 ||| Stepping randomly (stuck).
 41882 | Depths:1 | 41882 ||| Stepping randomly (stuck).
 41883 | Depths:1 | 41883 ||| Stepping randomly (stuck).
 41884 | Depths:1 | 41884 ||| Stepping randomly (stuck).
 41885 | Depths:1 | 41885 ||| Stepping randomly (stuck).
 41886 | Depths:1 | 41886 ||| Stepping randomly (stuck).
 41887 | Depths:1 | 41887 ||| Stepping randomly (stuck).
 41887 | Depths:1 | Glimpsed the power of Zot.
 41888 | Depths:1 | 41888 ||| Stepping randomly (stuck).
 41889 | Depths:1 | 41889 ||| Stepping randomly (stuck).
 41890 | Depths:1 | 41890 ||| Stepping randomly (stuck).
 41891 | Depths:1 | 41891 ||| Stepping randomly (stuck).
 41892 | Depths:1 | 41892 ||| Stepping randomly (stuck).
 41893 | Depths:1 | 41893 ||| Stepping randomly (stuck).
 41894 | Depths:1 | 41894 ||| Stepping randomly (stuck).
 41895 | Depths:1 | 41895 ||| Stepping randomly (stuck).
 41896 | Depths:1 | 41896 ||| Stepping randomly (stuck).
 41897 | Depths:1 | 41897 ||| Stepping randomly (stuck).
 41898 | Depths:1 | 41898 ||| Stepping randomly (stuck).
 41899 | Depths:1 | 41899 ||| Stepping randomly (stuck).
 41900 | Depths:1 | 41900 ||| Stepping randomly (stuck).
 41901 | Depths:1 | 41901 ||| Stepping randomly (stuck).
 41902 | Depths:1 | 41902 ||| Stepping randomly (stuck).
 41903 | Depths:1 | 41903 ||| Stepping randomly (stuck).
 41904 | Depths:1 | 41904 ||| Stepping randomly (stuck).
 41905 | Depths:1 | 41905 ||| Stepping randomly (stuck).
 41906 | Depths:1 | 41906 ||| Stepping randomly (stuck).
 41907 | Depths:1 | 41907 ||| Stepping randomly (stuck).
 41908 | Depths:1 | 41908 ||| Stepping randomly (stuck).
 41909 | Depths:1 | 41909 ||| Stepping randomly (stuck).
 41910 | Depths:1 | 41910 ||| Stepping randomly (stuck).
 41911 | Depths:1 | 41911 ||| Stepping randomly (stuck).
 41912 | Depths:1 | 41912 ||| Stepping randomly (stuck).
 41913 | Depths:1 | 41913 ||| Stepping randomly (stuck).
 41914 | Depths:1 | 41914 ||| Stepping randomly (stuck).
 41915 | Depths:1 | 41915 ||| Stepping randomly (stuck).
 41916 | Depths:1 | 41916 ||| Stepping randomly (stuck).
 41917 | Depths:1 | 41917 ||| Stepping randomly (stuck).
 41918 | Depths:1 | 41918 ||| Stepping randomly (stuck).
 41919 | Depths:1 | 41919 ||| Stepping randomly (stuck).
 41920 | Depths:1 | 41920 ||| Stepping randomly (stuck).
 41921 | Depths:1 | 41921 ||| Stepping randomly (stuck).
 41922 | Depths:1 | 41922 ||| Stepping randomly (stuck).
 41923 | Depths:1 | 41923 ||| Stepping randomly (stuck).
 41924 | Depths:1 | 41924 ||| Stepping randomly (stuck).
 41925 | Depths:1 | 41925 ||| Stepping randomly (stuck).
 41926 | Depths:1 | 41926 ||| Stepping randomly (stuck).
 41927 | Depths:1 | 41927 ||| Stepping randomly (stuck).
 41928 | Depths:1 | 41928 ||| Stepping randomly (stuck).
 41929 | Depths:1 | 41929 ||| Stepping randomly (stuck).
 41930 | Depths:1 | 41930 ||| Stepping randomly (stuck).
 41931 | Depths:1 | 41931 ||| Stepping randomly (stuck).
 41932 | Depths:1 | 41932 ||| Stepping randomly (stuck).
 41933 | Depths:1 | 41933 ||| Stepping randomly (stuck).
 41934 | Depths:1 | 41934 ||| Stepping randomly (stuck).
 41935 | Depths:1 | 41935 ||| Stepping randomly (stuck).
 41936 | Depths:1 | 41936 ||| Stepping randomly (stuck).
 41937 | Depths:1 | 41937 ||| Stepping randomly (stuck).
 41938 | Depths:1 | 41938 ||| Stepping randomly (stuck).
 41939 | Depths:1 | 41939 ||| Stepping randomly (stuck).
 41940 | Depths:1 | 41940 ||| Stepping randomly (stuck).
 41941 | Depths:1 | 41941 ||| Stepping randomly (stuck).
 41942 | Depths:1 | 41942 ||| Stepping randomly (stuck).
 41943 | Depths:1 | 41943 ||| Stepping randomly (stuck).
 41944 | Depths:1 | 41944 ||| Stepping randomly (stuck).
 41945 | Depths:1 | 41945 ||| Stepping randomly (stuck).
 41946 | Depths:1 | 41946 ||| Stepping randomly (stuck).
 41947 | Depths:1 | 41947 ||| Stepping randomly (stuck).
 41948 | Depths:1 | 41948 ||| Stepping randomly (stuck).
 41949 | Depths:1 | 41949 ||| Stepping randomly (stuck).
 41950 | Depths:1 | 41950 ||| Stepping randomly (stuck).
 41951 | Depths:1 | 41951 ||| Stepping randomly (stuck).
 41952 | Depths:1 | 41952 ||| Stepping randomly (stuck).
 41953 | Depths:1 | 41953 ||| Stepping randomly (stuck).
 41954 | Depths:1 | 41954 ||| Stepping randomly (stuck).
 41955 | Depths:1 | 41955 ||| Stepping randomly (stuck).
 41956 | Depths:1 | 41956 ||| Stepping randomly (stuck).
 41957 | Depths:1 | 41957 ||| Stepping randomly (stuck).
 41958 | Depths:1 | 41958 ||| Stepping randomly (stuck).
 41959 | Depths:1 | 41959 ||| Stepping randomly (stuck).
 41959 | Depths:1 | Touched by the power of Zot (MHP 172 -> 141)
 41960 | Depths:1 | Glimpsed the power of Zot.
 41961 | Depths:1 | 41961 ||| Stepping randomly (stuck).
 41962 | Depths:1 | 41962 ||| Stepping randomly (stuck).
 41963 | Depths:1 | 41963 ||| Stepping randomly (stuck).
 41964 | Depths:1 | 41964 ||| Stepping randomly (stuck).
 41965 | Depths:1 | 41965 ||| Stepping randomly (stuck).
 41966 | Depths:1 | 41966 ||| Stepping randomly (stuck).
 41967 | Depths:1 | 41967 ||| Stepping randomly (stuck).
 41968 | Depths:1 | 41968 ||| Stepping randomly (stuck).
 41969 | Depths:1 | 41969 ||| Stepping randomly (stuck).
 41970 | Depths:1 | 41970 ||| Stepping randomly (stuck).
 41971 | Depths:1 | 41971 ||| Stepping randomly (stuck).
 41972 | Depths:1 | 41972 ||| Stepping randomly (stuck).
 41973 | Depths:1 | 41973 ||| Stepping randomly (stuck).
 41974 | Depths:1 | 41974 ||| Stepping randomly (stuck).
 41975 | Depths:1 | 41975 ||| Stepping randomly (stuck).
 41976 | Depths:1 | 41976 ||| Stepping randomly (stuck).
 41977 | Depths:1 | 41977 ||| Stepping randomly (stuck).
 41978 | Depths:1 | 41978 ||| Stepping randomly (stuck).
 41979 | Depths:1 | 41979 ||| Stepping randomly (stuck).
 41980 | Depths:1 | 41980 ||| Stepping randomly (stuck).
 41981 | Depths:1 | 41981 ||| Stepping randomly (stuck).
 41982 | Depths:1 | 41982 ||| Stepping randomly (stuck).
 41983 | Depths:1 | 41983 ||| Stepping randomly (stuck).
 41984 | Depths:1 | 41984 ||| Stepping randomly (stuck).
 41985 | Depths:1 | 41985 ||| Stepping randomly (stuck).
 41986 | Depths:1 | 41986 ||| Stepping randomly (stuck).
 41987 | Depths:1 | 41987 ||| Stepping randomly (stuck).
 41988 | Depths:1 | 41988 ||| Stepping randomly (stuck).
 41989 | Depths:1 | 41989 ||| Stepping randomly (stuck).
 41990 | Depths:1 | 41990 ||| Stepping randomly (stuck).
 41991 | Depths:1 | 41991 ||| Stepping randomly (stuck).
 41992 | Depths:1 | 41992 ||| Stepping randomly (stuck).
 41993 | Depths:1 | 41993 ||| Stepping randomly (stuck).
 41994 | Depths:1 | 41994 ||| Stepping randomly (stuck).
 41995 | Depths:1 | 41995 ||| Stepping randomly (stuck).
 41996 | Depths:1 | 41996 ||| Stepping randomly (stuck).
 41997 | Depths:1 | 41997 ||| Stepping randomly (stuck).
 41998 | Depths:1 | 41998 ||| Stepping randomly (stuck).
 41999 | Depths:1 | 41999 ||| Stepping randomly (stuck).
 42000 | Depths:1 | 42000 ||| Stepping randomly (stuck).
 42001 | Depths:1 | 42001 ||| Stepping randomly (stuck).
 42002 | Depths:1 | 42002 ||| Stepping randomly (stuck).
 42003 | Depths:1 | 42003 ||| Stepping randomly (stuck).
 42004 | Depths:1 | 42004 ||| Stepping randomly (stuck).
 42005 | Depths:1 | 42005 ||| Stepping randomly (stuck).
 42006 | Depths:1 | 42006 ||| Stepping randomly (stuck).
 42007 | Depths:1 | 42007 ||| Stepping randomly (stuck).
 42008 | Depths:1 | 42008 ||| Stepping randomly (stuck).
 42009 | Depths:1 | 42009 ||| Stepping randomly (stuck).
 42010 | Depths:1 | 42010 ||| Stepping randomly (stuck).
 42011 | Depths:1 | 42011 ||| Stepping randomly (stuck).
 42012 | Depths:1 | 42012 ||| Stepping randomly (stuck).
 42013 | Depths:1 | 42013 ||| Stepping randomly (stuck).
 42014 | Depths:1 | 42014 ||| Stepping randomly (stuck).
 42015 | Depths:1 | 42015 ||| Stepping randomly (stuck).
 42016 | Depths:1 | 42016 ||| Stepping randomly (stuck).
 42017 | Depths:1 | 42017 ||| Stepping randomly (stuck).
 42018 | Depths:1 | 42018 ||| Stepping randomly (stuck).
 42019 | Depths:1 | 42019 ||| Stepping randomly (stuck).
 42020 | Depths:1 | 42020 ||| Stepping randomly (stuck).
 42021 | Depths:1 | 42021 ||| Stepping randomly (stuck).
 42022 | Depths:1 | 42022 ||| Stepping randomly (stuck).
 42023 | Depths:1 | 42023 ||| Stepping randomly (stuck).
 42024 | Depths:1 | 42024 ||| Stepping randomly (stuck).
 42025 | Depths:1 | 42025 ||| Stepping randomly (stuck).
 42026 | Depths:1 | 42026 ||| Stepping randomly (stuck).
 42027 | Depths:1 | 42027 ||| Stepping randomly (stuck).
 42028 | Depths:1 | 42028 ||| Stepping randomly (stuck).
 42029 | Depths:1 | 42029 ||| Stepping randomly (stuck).
 42030 | Depths:1 | 42030 ||| Stepping randomly (stuck).
 42031 | Depths:1 | 42031 ||| Stepping randomly (stuck).
 42032 | Depths:1 | 42032 ||| Stepping randomly (stuck).
 42033 | Depths:1 | 42033 ||| Stepping randomly (stuck).
 42034 | Depths:1 | 42034 ||| Stepping randomly (stuck).
 42035 | Depths:1 | 42035 ||| Stepping randomly (stuck).
 42036 | Depths:1 | 42036 ||| Stepping randomly (stuck).
 42037 | Depths:1 | 42037 ||| Stepping randomly (stuck).
 42038 | Depths:1 | 42038 ||| Stepping randomly (stuck).
 42039 | Depths:1 | 42039 ||| Stepping randomly (stuck).
 42040 | Depths:1 | 42040 ||| Stepping randomly (stuck).
 42041 | Depths:1 | 42041 ||| Stepping randomly (stuck).
 42042 | Depths:1 | 42042 ||| Stepping randomly (stuck).
 42043 | Depths:1 | 42043 ||| Stepping randomly (stuck).
 42044 | Depths:1 | 42044 ||| Stepping randomly (stuck).
 42045 | Depths:1 | 42045 ||| Stepping randomly (stuck).
 42046 | Depths:1 | 42046 ||| Stepping randomly (stuck).
 42047 | Depths:1 | 42047 ||| Stepping randomly (stuck).
 42048 | Depths:1 | 42048 ||| Stepping randomly (stuck).
 42049 | Depths:1 | 42049 ||| Stepping randomly (stuck).
 42050 | Depths:1 | 42050 ||| Stepping randomly (stuck).
 42051 | Depths:1 | 42051 ||| Stepping randomly (stuck).
 42052 | Depths:1 | 42052 ||| Stepping randomly (stuck).
 42053 | Depths:1 | 42053 ||| Stepping randomly (stuck).
 42054 | Depths:1 | 42054 ||| Stepping randomly (stuck).
 42055 | Depths:1 | 42055 ||| Stepping randomly (stuck).
 42056 | Depths:1 | 42056 ||| Stepping randomly (stuck).
 42057 | Depths:1 | 42057 ||| Stepping randomly (stuck).
 42058 | Depths:1 | 42058 ||| Stepping randomly (stuck).
 42059 | Depths:1 | 42059 ||| Stepping randomly (stuck).
 42060 | Depths:1 | 42060 ||| Stepping randomly (stuck).
 42061 | Depths:1 | 42061 ||| Stepping randomly (stuck).
 42062 | Depths:1 | 42062 ||| Stepping randomly (stuck).
 42063 | Depths:1 | 42063 ||| Stepping randomly (stuck).
 42064 | Depths:1 | 42064 ||| Stepping randomly (stuck).
 42065 | Depths:1 | 42065 ||| Stepping randomly (stuck).
 42066 | Depths:1 | 42066 ||| Stepping randomly (stuck).
 42067 | Depths:1 | 42067 ||| Stepping randomly (stuck).
 42068 | Depths:1 | 42068 ||| Stepping randomly (stuck).
 42069 | Depths:1 | 42069 ||| Stepping randomly (stuck).
 42070 | Depths:1 | 42070 ||| Stepping randomly (stuck).
 42071 | Depths:1 | 42071 ||| Stepping randomly (stuck).
 42072 | Depths:1 | 42072 ||| Stepping randomly (stuck).
 42073 | Depths:1 | 42073 ||| Stepping randomly (stuck).
 42074 | Depths:1 | 42074 ||| Stepping randomly (stuck).
 42075 | Depths:1 | 42075 ||| Stepping randomly (stuck).
 42076 | Depths:1 | 42076 ||| Stepping randomly (stuck).
 42077 | Depths:1 | 42077 ||| Stepping randomly (stuck).
 42078 | Depths:1 | 42078 ||| Stepping randomly (stuck).
 42079 | Depths:1 | 42079 ||| Stepping randomly (stuck).
 42080 | Depths:1 | 42080 ||| Stepping randomly (stuck).
 42081 | Depths:1 | 42081 ||| Stepping randomly (stuck).
 42082 | Depths:1 | 42082 ||| Stepping randomly (stuck).
 42083 | Depths:1 | 42083 ||| Stepping randomly (stuck).
 42084 | Depths:1 | 42084 ||| Stepping randomly (stuck).
 42085 | Depths:1 | 42085 ||| Stepping randomly (stuck).
 42086 | Depths:1 | 42086 ||| Stepping randomly (stuck).
 42087 | Depths:1 | 42087 ||| Stepping randomly (stuck).
 42088 | Depths:1 | 42088 ||| Stepping randomly (stuck).
 42089 | Depths:1 | 42089 ||| Stepping randomly (stuck).
 42090 | Depths:1 | 42090 ||| Stepping randomly (stuck).
 42091 | Depths:1 | 42091 ||| Stepping randomly (stuck).
 42092 | Depths:1 | 42092 ||| Stepping randomly (stuck).
 42093 | Depths:1 | 42093 ||| Stepping randomly (stuck).
 42094 | Depths:1 | 42094 ||| Stepping randomly (stuck).
 42095 | Depths:1 | 42095 ||| Stepping randomly (stuck).
 42096 | Depths:1 | 42096 ||| Stepping randomly (stuck).
 42097 | Depths:1 | 42097 ||| Stepping randomly (stuck).
 42098 | Depths:1 | 42098 ||| Stepping randomly (stuck).
 42099 | Depths:1 | 42099 ||| Stepping randomly (stuck).
 42100 | Depths:1 | 42100 ||| Stepping randomly (stuck).
 42101 | Depths:1 | 42101 ||| Stepping randomly (stuck).
 42102 | Depths:1 | 42102 ||| Stepping randomly (stuck).
 42103 | Depths:1 | 42103 ||| Stepping randomly (stuck).
 42104 | Depths:1 | 42104 ||| Stepping randomly (stuck).
 42105 | Depths:1 | 42105 ||| Stepping randomly (stuck).
 42106 | Depths:1 | 42106 ||| Stepping randomly (stuck).
 42107 | Depths:1 | 42107 ||| Stepping randomly (stuck).
 42108 | Depths:1 | 42108 ||| Stepping randomly (stuck).
 42109 | Depths:1 | 42109 ||| Stepping randomly (stuck).
 42110 | Depths:1 | 42110 ||| Stepping randomly (stuck).
 42111 | Depths:1 | 42111 ||| Stepping randomly (stuck).
 42112 | Depths:1 | 42112 ||| Stepping randomly (stuck).
 42113 | Depths:1 | 42113 ||| Stepping randomly (stuck).
 42114 | Depths:1 | 42114 ||| Stepping randomly (stuck).
 42115 | Depths:1 | 42115 ||| Stepping randomly (stuck).
 42116 | Depths:1 | 42116 ||| Stepping randomly (stuck).
 42117 | Depths:1 | 42117 ||| Stepping randomly (stuck).
 42118 | Depths:1 | 42118 ||| Stepping randomly (stuck).
 42119 | Depths:1 | 42119 ||| Stepping randomly (stuck).
 42120 | Depths:1 | 42120 ||| Stepping randomly (stuck).
 42121 | Depths:1 | 42121 ||| Stepping randomly (stuck).
 42122 | Depths:1 | 42122 ||| Stepping randomly (stuck).
 42123 | Depths:1 | 42123 ||| Stepping randomly (stuck).
 42124 | Depths:1 | 42124 ||| Stepping randomly (stuck).
 42125 | Depths:1 | 42125 ||| Stepping randomly (stuck).
 42126 | Depths:1 | 42126 ||| Stepping randomly (stuck).
 42127 | Depths:1 | 42127 ||| Stepping randomly (stuck).
 42128 | Depths:1 | 42128 ||| Stepping randomly (stuck).
 42129 | Depths:1 | 42129 ||| Stepping randomly (stuck).
 42130 | Depths:1 | 42130 ||| Stepping randomly (stuck).
 42131 | Depths:1 | 42131 ||| Stepping randomly (stuck).
 42132 | Depths:1 | 42132 ||| Stepping randomly (stuck).
 42133 | Depths:1 | 42133 ||| Stepping randomly (stuck).
 42134 | Depths:1 | 42134 ||| Stepping randomly (stuck).
 42135 | Depths:1 | 42135 ||| Stepping randomly (stuck).
 42136 | Depths:1 | 42136 ||| Stepping randomly (stuck).
 42137 | Depths:1 | 42137 ||| Stepping randomly (stuck).
 42138 | Depths:1 | 42138 ||| Stepping randomly (stuck).
 42139 | Depths:1 | 42139 ||| Stepping randomly (stuck).
 42140 | Depths:1 | 42140 ||| Stepping randomly (stuck).
 42141 | Depths:1 | 42141 ||| Stepping randomly (stuck).
 42142 | Depths:1 | 42142 ||| Stepping randomly (stuck).
 42143 | Depths:1 | 42143 ||| Stepping randomly (stuck).
 42144 | Depths:1 | 42144 ||| Stepping randomly (stuck).
 42145 | Depths:1 | 42145 ||| Stepping randomly (stuck).
 42146 | Depths:1 | 42146 ||| Stepping randomly (stuck).
 42147 | Depths:1 | 42147 ||| Stepping randomly (stuck).
 42148 | Depths:1 | 42148 ||| Stepping randomly (stuck).
 42149 | Depths:1 | 42149 ||| Stepping randomly (stuck).
 42150 | Depths:1 | 42150 ||| Stepping randomly (stuck).
 42151 | Depths:1 | 42151 ||| Stepping randomly (stuck).
 42152 | Depths:1 | 42152 ||| Stepping randomly (stuck).
 42153 | Depths:1 | 42153 ||| Stepping randomly (stuck).
 42154 | Depths:1 | 42154 ||| Stepping randomly (stuck).
 42155 | Depths:1 | 42155 ||| Stepping randomly (stuck).
 42156 | Depths:1 | 42156 ||| Stepping randomly (stuck).
 42157 | Depths:1 | 42157 ||| Stepping randomly (stuck).
 42158 | Depths:1 | 42158 ||| Stepping randomly (stuck).
 42159 | Depths:1 | 42159 ||| Stepping randomly (stuck).
 42160 | Depths:1 | 42160 ||| Stepping randomly (stuck).
 42161 | Depths:1 | 42161 ||| Stepping randomly (stuck).
 42162 | Depths:1 | 42162 ||| Stepping randomly (stuck).
 42163 | Depths:1 | 42163 ||| Stepping randomly (stuck).
 42164 | Depths:1 | 42164 ||| Stepping randomly (stuck).
 42165 | Depths:1 | 42165 ||| Stepping randomly (stuck).
 42166 | Depths:1 | 42166 ||| Stepping randomly (stuck).
 42167 | Depths:1 | 42167 ||| Stepping randomly (stuck).
 42168 | Depths:1 | 42168 ||| Stepping randomly (stuck).
 42169 | Depths:1 | 42169 ||| Stepping randomly (stuck).
 42170 | Depths:1 | 42170 ||| Stepping randomly (stuck).
 42171 | Depths:1 | 42171 ||| Stepping randomly (stuck).
 42172 | Depths:1 | 42172 ||| Stepping randomly (stuck).
 42173 | Depths:1 | 42173 ||| Stepping randomly (stuck).
 42174 | Depths:1 | 42174 ||| Stepping randomly (stuck).
 42175 | Depths:1 | 42175 ||| Stepping randomly (stuck).
 42176 | Depths:1 | 42176 ||| Stepping randomly (stuck).
 42177 | Depths:1 | 42177 ||| Stepping randomly (stuck).
 42178 | Depths:1 | 42178 ||| Stepping randomly (stuck).
 42179 | Depths:1 | 42179 ||| Stepping randomly (stuck).
 42180 | Depths:1 | 42180 ||| Stepping randomly (stuck).
 42181 | Depths:1 | 42181 ||| Stepping randomly (stuck).
 42182 | Depths:1 | 42182 ||| Stepping randomly (stuck).
 42183 | Depths:1 | 42183 ||| Stepping randomly (stuck).
 42184 | Depths:1 | 42184 ||| Stepping randomly (stuck).
 42185 | Depths:1 | 42185 ||| Stepping randomly (stuck).
 42186 | Depths:1 | 42186 ||| Stepping randomly (stuck).
 42187 | Depths:1 | 42187 ||| Stepping randomly (stuck).
 42188 | Depths:1 | 42188 ||| Stepping randomly (stuck).
 42189 | Depths:1 | 42189 ||| Stepping randomly (stuck).
 42190 | Depths:1 | 42190 ||| Stepping randomly (stuck).
 42191 | Depths:1 | 42191 ||| Stepping randomly (stuck).
 42192 | Depths:1 | 42192 ||| Stepping randomly (stuck).
 42193 | Depths:1 | 42193 ||| Stepping randomly (stuck).
 42194 | Depths:1 | 42194 ||| Stepping randomly (stuck).
 42195 | Depths:1 | 42195 ||| Stepping randomly (stuck).
 42196 | Depths:1 | 42196 ||| Stepping randomly (stuck).
 42197 | Depths:1 | 42197 ||| Stepping randomly (stuck).
 42198 | Depths:1 | 42198 ||| Stepping randomly (stuck).
 42199 | Depths:1 | 42199 ||| Stepping randomly (stuck).
 42200 | Depths:1 | 42200 ||| Stepping randomly (stuck).
 42201 | Depths:1 | 42201 ||| Stepping randomly (stuck).
 42202 | Depths:1 | 42202 ||| Stepping randomly (stuck).
 42203 | Depths:1 | 42203 ||| Stepping randomly (stuck).
 42204 | Depths:1 | 42204 ||| Stepping randomly (stuck).
 42205 | Depths:1 | 42205 ||| Stepping randomly (stuck).
 42206 | Depths:1 | 42206 ||| Stepping randomly (stuck).
 42207 | Depths:1 | 42207 ||| Stepping randomly (stuck).
 42208 | Depths:1 | 42208 ||| Stepping randomly (stuck).
 42209 | Depths:1 | 42209 ||| Stepping randomly (stuck).
 42210 | Depths:1 | 42210 ||| Stepping randomly (stuck).
 42211 | Depths:1 | 42211 ||| Stepping randomly (stuck).
 42212 | Depths:1 | 42212 ||| Stepping randomly (stuck).
 42213 | Depths:1 | 42213 ||| Stepping randomly (stuck).
 42214 | Depths:1 | 42214 ||| Stepping randomly (stuck).
 42215 | Depths:1 | 42215 ||| Stepping randomly (stuck).
 42216 | Depths:1 | 42216 ||| Stepping randomly (stuck).
 42217 | Depths:1 | 42217 ||| Stepping randomly (stuck).
 42218 | Depths:1 | 42218 ||| Stepping randomly (stuck).
 42219 | Depths:1 | 42219 ||| Stepping randomly (stuck).
 42220 | Depths:1 | 42220 ||| Stepping randomly (stuck).
 42221 | Depths:1 | 42221 ||| Stepping randomly (stuck).
 42222 | Depths:1 | 42222 ||| Stepping randomly (stuck).
 42223 | Depths:1 | 42223 ||| Stepping randomly (stuck).
 42224 | Depths:1 | 42224 ||| Stepping randomly (stuck).
 42225 | Depths:1 | 42225 ||| Stepping randomly (stuck).
 42226 | Depths:1 | 42226 ||| Stepping randomly (stuck).
 42227 | Depths:1 | 42227 ||| Stepping randomly (stuck).
 42228 | Depths:1 | 42228 ||| Stepping randomly (stuck).
 42229 | Depths:1 | 42229 ||| Stepping randomly (stuck).
 42230 | Depths:1 | 42230 ||| Stepping randomly (stuck).
 42231 | Depths:1 | 42231 ||| Stepping randomly (stuck).
 42232 | Depths:1 | 42232 ||| Stepping randomly (stuck).
 42233 | Depths:1 | 42233 ||| Stepping randomly (stuck).
 42234 | Depths:1 | 42234 ||| Stepping randomly (stuck).
 42235 | Depths:1 | 42235 ||| Stepping randomly (stuck).
 42236 | Depths:1 | 42236 ||| Stepping randomly (stuck).
 42237 | Depths:1 | 42237 ||| Stepping randomly (stuck).
 42238 | Depths:1 | 42238 ||| Stepping randomly (stuck).
 42239 | Depths:1 | 42239 ||| Stepping randomly (stuck).
 42240 | Depths:1 | 42240 ||| Stepping randomly (stuck).
 42241 | Depths:1 | 42241 ||| Stepping randomly (stuck).
 42242 | Depths:1 | 42242 ||| Stepping randomly (stuck).
 42243 | Depths:1 | 42243 ||| Stepping randomly (stuck).
 42244 | Depths:1 | 42244 ||| Stepping randomly (stuck).
 42245 | Depths:1 | 42245 ||| Stepping randomly (stuck).
 42246 | Depths:1 | 42246 ||| Stepping randomly (stuck).
 42247 | Depths:1 | 42247 ||| Stepping randomly (stuck).
 42248 | Depths:1 | 42248 ||| Stepping randomly (stuck).
 42249 | Depths:1 | 42249 ||| Stepping randomly (stuck).
 42250 | Depths:1 | 42250 ||| Stepping randomly (stuck).
 42251 | Depths:1 | 42251 ||| Stepping randomly (stuck).
 42252 | Depths:1 | 42252 ||| Stepping randomly (stuck).
 42253 | Depths:1 | 42253 ||| Stepping randomly (stuck).
 42254 | Depths:1 | 42254 ||| Stepping randomly (stuck).
 42255 | Depths:1 | 42255 ||| Stepping randomly (stuck).
 42256 | Depths:1 | 42256 ||| Stepping randomly (stuck).
 42257 | Depths:1 | 42257 ||| Stepping randomly (stuck).
 42258 | Depths:1 | 42258 ||| Stepping randomly (stuck).
 42259 | Depths:1 | 42259 ||| Stepping randomly (stuck).
 42260 | Depths:1 | 42260 ||| Stepping randomly (stuck).
 42261 | Depths:1 | 42261 ||| Stepping randomly (stuck).
 42262 | Depths:1 | 42262 ||| Stepping randomly (stuck).
 42263 | Depths:1 | 42263 ||| Stepping randomly (stuck).
 42264 | Depths:1 | 42264 ||| Stepping randomly (stuck).
 42265 | Depths:1 | 42265 ||| Stepping randomly (stuck).
 42266 | Depths:1 | 42266 ||| Stepping randomly (stuck).
 42267 | Depths:1 | 42267 ||| Stepping randomly (stuck).
 42268 | Depths:1 | 42268 ||| Stepping randomly (stuck).
 42269 | Depths:1 | 42269 ||| Stepping randomly (stuck).
 42270 | Depths:1 | 42270 ||| Stepping randomly (stuck).
 42271 | Depths:1 | 42271 ||| Stepping randomly (stuck).
 42272 | Depths:1 | 42272 ||| Stepping randomly (stuck).
 42273 | Depths:1 | 42273 ||| Stepping randomly (stuck).
 42274 | Depths:1 | 42274 ||| Stepping randomly (stuck).
 42275 | Depths:1 | 42275 ||| Stepping randomly (stuck).
 42276 | Depths:1 | 42276 ||| Stepping randomly (stuck).
 42277 | Depths:1 | 42277 ||| Stepping randomly (stuck).
 42278 | Depths:1 | 42278 ||| Stepping randomly (stuck).
 42279 | Depths:1 | 42279 ||| Stepping randomly (stuck).
 42280 | Depths:1 | 42280 ||| Stepping randomly (stuck).
 42281 | Depths:1 | 42281 ||| Stepping randomly (stuck).
 42282 | Depths:1 | 42282 ||| Stepping randomly (stuck).
 42283 | Depths:1 | 42283 ||| Stepping randomly (stuck).
 42284 | Depths:1 | 42284 ||| Stepping randomly (stuck).
 42285 | Depths:1 | 42285 ||| Stepping randomly (stuck).
 42286 | Depths:1 | 42286 ||| Stepping randomly (stuck).
 42287 | Depths:1 | 42287 ||| Stepping randomly (stuck).
 42288 | Depths:1 | 42288 ||| Stepping randomly (stuck).
 42289 | Depths:1 | 42289 ||| Stepping randomly (stuck).
 42290 | Depths:1 | 42290 ||| Stepping randomly (stuck).
 42291 | Depths:1 | 42291 ||| Stepping randomly (stuck).
 42292 | Depths:1 | 42292 ||| Stepping randomly (stuck).
 42293 | Depths:1 | 42293 ||| Stepping randomly (stuck).
 42294 | Depths:1 | 42294 ||| Stepping randomly (stuck).
 42295 | Depths:1 | 42295 ||| Stepping randomly (stuck).
 42296 | Depths:1 | 42296 ||| Stepping randomly (stuck).
 42297 | Depths:1 | 42297 ||| Stepping randomly (stuck).
 42298 | Depths:1 | 42298 ||| Stepping randomly (stuck).
 42299 | Depths:1 | 42299 ||| Stepping randomly (stuck).
 42300 | Depths:1 | 42300 ||| Stepping randomly (stuck).
 42301 | Depths:1 | 42301 ||| Stepping randomly (stuck).
 42302 | Depths:1 | 42302 ||| Stepping randomly (stuck).
 42303 | Depths:1 | 42303 ||| Stepping randomly (stuck).
 42304 | Depths:1 | 42304 ||| Stepping randomly (stuck).
 42305 | Depths:1 | 42305 ||| Stepping randomly (stuck).
 42306 | Depths:1 | 42306 ||| Stepping randomly (stuck).
 42307 | Depths:1 | 42307 ||| Stepping randomly (stuck).
 42308 | Depths:1 | 42308 ||| Stepping randomly (stuck).
 42309 | Depths:1 | 42309 ||| Stepping randomly (stuck).
 42310 | Depths:1 | 42310 ||| Stepping randomly (stuck).
 42311 | Depths:1 | 42311 ||| Stepping randomly (stuck).
 42312 | Depths:1 | 42312 ||| Stepping randomly (stuck).
 42313 | Depths:1 | 42313 ||| Stepping randomly (stuck).
 42314 | Depths:1 | 42314 ||| Stepping randomly (stuck).
 42315 | Depths:1 | 42315 ||| Stepping randomly (stuck).
 42316 | Depths:1 | 42316 ||| Stepping randomly (stuck).
 42317 | Depths:1 | 42317 ||| Stepping randomly (stuck).
 42317 | Depths:1 | Glimpsed the power of Zot.
 42318 | Depths:1 | 42318 ||| Stepping randomly (stuck).
 42319 | Depths:1 | 42319 ||| Stepping randomly (stuck).
 42320 | Depths:1 | 42320 ||| Stepping randomly (stuck).
 42321 | Depths:1 | 42321 ||| Stepping randomly (stuck).
 42322 | Depths:1 | 42322 ||| Stepping randomly (stuck).
 42323 | Depths:1 | 42323 ||| Stepping randomly (stuck).
 42324 | Depths:1 | 42324 ||| Stepping randomly (stuck).
 42325 | Depths:1 | 42325 ||| Stepping randomly (stuck).
 42326 | Depths:1 | 42326 ||| Stepping randomly (stuck).
 42327 | Depths:1 | 42327 ||| Stepping randomly (stuck).
 42328 | Depths:1 | 42328 ||| Stepping randomly (stuck).
 42329 | Depths:1 | 42329 ||| Stepping randomly (stuck).
 42330 | Depths:1 | 42330 ||| Stepping randomly (stuck).
 42331 | Depths:1 | 42331 ||| Stepping randomly (stuck).
 42332 | Depths:1 | 42332 ||| Stepping randomly (stuck).
 42333 | Depths:1 | 42333 ||| Stepping randomly (stuck).
 42334 | Depths:1 | 42334 ||| Stepping randomly (stuck).
 42335 | Depths:1 | 42335 ||| Stepping randomly (stuck).
 42336 | Depths:1 | 42336 ||| Stepping randomly (stuck).
 42337 | Depths:1 | 42337 ||| Stepping randomly (stuck).
 42338 | Depths:1 | 42338 ||| Stepping randomly (stuck).
 42339 | Depths:1 | 42339 ||| Stepping randomly (stuck).
 42340 | Depths:1 | 42340 ||| Stepping randomly (stuck).
 42341 | Depths:1 | 42341 ||| Stepping randomly (stuck).
 42342 | Depths:1 | 42342 ||| Stepping randomly (stuck).
 42343 | Depths:1 | 42343 ||| Stepping randomly (stuck).
 42344 | Depths:1 | 42344 ||| Stepping randomly (stuck).
 42345 | Depths:1 | 42345 ||| Stepping randomly (stuck).
 42346 | Depths:1 | 42346 ||| Stepping randomly (stuck).
 42347 | Depths:1 | 42347 ||| Stepping randomly (stuck).
 42348 | Depths:1 | 42348 ||| Stepping randomly (stuck).
 42349 | Depths:1 | 42349 ||| Stepping randomly (stuck).
 42350 | Depths:1 | 42350 ||| Stepping randomly (stuck).
 42351 | Depths:1 | 42351 ||| Stepping randomly (stuck).
 42352 | Depths:1 | 42352 ||| Stepping randomly (stuck).
 42353 | Depths:1 | 42353 ||| Stepping randomly (stuck).
 42354 | Depths:1 | 42354 ||| Stepping randomly (stuck).
 42355 | Depths:1 | 42355 ||| Stepping randomly (stuck).
 42356 | Depths:1 | 42356 ||| Stepping randomly (stuck).
 42357 | Depths:1 | 42357 ||| Stepping randomly (stuck).
 42358 | Depths:1 | 42358 ||| Stepping randomly (stuck).
 42359 | Depths:1 | 42359 ||| Stepping randomly (stuck).
 42360 | Depths:1 | 42360 ||| Stepping randomly (stuck).
 42361 | Depths:1 | 42361 ||| Stepping randomly (stuck).
 42362 | Depths:1 | 42362 ||| Stepping randomly (stuck).
 42363 | Depths:1 | 42363 ||| Stepping randomly (stuck).
 42364 | Depths:1 | 42364 ||| Stepping randomly (stuck).
 42365 | Depths:1 | 42365 ||| Stepping randomly (stuck).
 42366 | Depths:1 | 42366 ||| Stepping randomly (stuck).
 42367 | Depths:1 | 42367 ||| Stepping randomly (stuck).
 42368 | Depths:1 | 42368 ||| Stepping randomly (stuck).
 42369 | Depths:1 | 42369 ||| Stepping randomly (stuck).
 42370 | Depths:1 | 42370 ||| Stepping randomly (stuck).
 42371 | Depths:1 | 42371 ||| Stepping randomly (stuck).
 42372 | Depths:1 | 42372 ||| Stepping randomly (stuck).
 42373 | Depths:1 | 42373 ||| Stepping randomly (stuck).
 42374 | Depths:1 | 42374 ||| Stepping randomly (stuck).
 42375 | Depths:1 | 42375 ||| Stepping randomly (stuck).
 42376 | Depths:1 | 42376 ||| Stepping randomly (stuck).
 42377 | Depths:1 | 42377 ||| Stepping randomly (stuck).
 42378 | Depths:1 | 42378 ||| Stepping randomly (stuck).
 42379 | Depths:1 | 42379 ||| Stepping randomly (stuck).
 42380 | Depths:1 | 42380 ||| Stepping randomly (stuck).
 42381 | Depths:1 | 42381 ||| Stepping randomly (stuck).
 42382 | Depths:1 | 42382 ||| Stepping randomly (stuck).
 42383 | Depths:1 | 42383 ||| Stepping randomly (stuck).
 42384 | Depths:1 | 42384 ||| Stepping randomly (stuck).
 42385 | Depths:1 | 42385 ||| Stepping randomly (stuck).
 42386 | Depths:1 | 42386 ||| Stepping randomly (stuck).
 42387 | Depths:1 | 42387 ||| Stepping randomly (stuck).
 42388 | Depths:1 | 42388 ||| Stepping randomly (stuck).
 42389 | Depths:1 | 42389 ||| Stepping randomly (stuck).
 42390 | Depths:1 | 42390 ||| Stepping randomly (stuck).
 42391 | Depths:1 | 42391 ||| Stepping randomly (stuck).
 42392 | Depths:1 | 42392 ||| Stepping randomly (stuck).
 42393 | Depths:1 | 42393 ||| Stepping randomly (stuck).
 42394 | Depths:1 | 42394 ||| Stepping randomly (stuck).
 42395 | Depths:1 | 42395 ||| Stepping randomly (stuck).
 42396 | Depths:1 | 42396 ||| Stepping randomly (stuck).
 42397 | Depths:1 | 42397 ||| Stepping randomly (stuck).
 42398 | Depths:1 | 42398 ||| Stepping randomly (stuck).
 42399 | Depths:1 | 42399 ||| Stepping randomly (stuck).
 42400 | Depths:1 | 42400 ||| Stepping randomly (stuck).
 42401 | Depths:1 | 42401 ||| Stepping randomly (stuck).
 42402 | Depths:1 | 42402 ||| Stepping randomly (stuck).
 42403 | Depths:1 | 42403 ||| Stepping randomly (stuck).
 42404 | Depths:1 | 42404 ||| Stepping randomly (stuck).
 42405 | Depths:1 | 42405 ||| Stepping randomly (stuck).
 42406 | Depths:1 | 42406 ||| Stepping randomly (stuck).
 42407 | Depths:1 | 42407 ||| Stepping randomly (stuck).
 42408 | Depths:1 | 42408 ||| Stepping randomly (stuck).
 42409 | Depths:1 | 42409 ||| Stepping randomly (stuck).
 42410 | Depths:1 | 42410 ||| Stepping randomly (stuck).
 42411 | Depths:1 | 42411 ||| Stepping randomly (stuck).
 42412 | Depths:1 | 42412 ||| Stepping randomly (stuck).
 42413 | Depths:1 | 42413 ||| Stepping randomly (stuck).
 42414 | Depths:1 | 42414 ||| Stepping randomly (stuck).
 42415 | Depths:1 | 42415 ||| Stepping randomly (stuck).
 42416 | Depths:1 | 42416 ||| Stepping randomly (stuck).
 42417 | Depths:1 | 42417 ||| Stepping randomly (stuck).
 42418 | Depths:1 | 42418 ||| Stepping randomly (stuck).
 42419 | Depths:1 | 42419 ||| Stepping randomly (stuck).
 42420 | Depths:1 | 42420 ||| Stepping randomly (stuck).
 42421 | Depths:1 | 42421 ||| Stepping randomly (stuck).
 42422 | Depths:1 | 42422 ||| Stepping randomly (stuck).
 42423 | Depths:1 | 42423 ||| Stepping randomly (stuck).
 42424 | Depths:1 | 42424 ||| Stepping randomly (stuck).
 42425 | Depths:1 | 42425 ||| Stepping randomly (stuck).
 42426 | Depths:1 | 42426 ||| Stepping randomly (stuck).
 42427 | Depths:1 | 42427 ||| Stepping randomly (stuck).
 42428 | Depths:1 | 42428 ||| Stepping randomly (stuck).
 42429 | Depths:1 | 42429 ||| Stepping randomly (stuck).
 42430 | Depths:1 | 42430 ||| Stepping randomly (stuck).
 42431 | Depths:1 | 42431 ||| Stepping randomly (stuck).
 42432 | Depths:1 | 42432 ||| Stepping randomly (stuck).
 42433 | Depths:1 | 42433 ||| Stepping randomly (stuck).
 42434 | Depths:1 | 42434 ||| Stepping randomly (stuck).
 42435 | Depths:1 | 42435 ||| Stepping randomly (stuck).
 42436 | Depths:1 | 42436 ||| Stepping randomly (stuck).
 42437 | Depths:1 | 42437 ||| Stepping randomly (stuck).
 42438 | Depths:1 | 42438 ||| Stepping randomly (stuck).
 42439 | Depths:1 | 42439 ||| Stepping randomly (stuck).
 42440 | Depths:1 | 42440 ||| Stepping randomly (stuck).
 42441 | Depths:1 | 42441 ||| Stepping randomly (stuck).
 42442 | Depths:1 | 42442 ||| Stepping randomly (stuck).
 42443 | Depths:1 | 42443 ||| Stepping randomly (stuck).
 42444 | Depths:1 | 42444 ||| Stepping randomly (stuck).
 42445 | Depths:1 | 42445 ||| Stepping randomly (stuck).
 42446 | Depths:1 | 42446 ||| Stepping randomly (stuck).
 42447 | Depths:1 | 42447 ||| Stepping randomly (stuck).
 42448 | Depths:1 | 42448 ||| Stepping randomly (stuck).
 42449 | Depths:1 | 42449 ||| Stepping randomly (stuck).
 42450 | Depths:1 | 42450 ||| Stepping randomly (stuck).
 42451 | Depths:1 | 42451 ||| Stepping randomly (stuck).
 42452 | Depths:1 | 42452 ||| Stepping randomly (stuck).
 42453 | Depths:1 | 42453 ||| Stepping randomly (stuck).
 42454 | Depths:1 | 42454 ||| Stepping randomly (stuck).
 42455 | Depths:1 | 42455 ||| Stepping randomly (stuck).
 42456 | Depths:1 | 42456 ||| Stepping randomly (stuck).
 42457 | Depths:1 | 42457 ||| Stepping randomly (stuck).
 42458 | Depths:1 | 42458 ||| Stepping randomly (stuck).
 42459 | Depths:1 | 42459 ||| Stepping randomly (stuck).
 42460 | Depths:1 | 42460 ||| Stepping randomly (stuck).
 42461 | Depths:1 | 42461 ||| Stepping randomly (stuck).
 42462 | Depths:1 | 42462 ||| Stepping randomly (stuck).
 42463 | Depths:1 | 42463 ||| Stepping randomly (stuck).
 42464 | Depths:1 | 42464 ||| Stepping randomly (stuck).
 42465 | Depths:1 | Quit the game

Levels and vault maps discovered:
D:1:      kb_arrival_jail, layout_rooms
D:2:      layout_loops_ring
D:3:      kennysheep_the_goblin_king, layout_loops_ring, serial_shops,
          nicolae_shop_statue_plus
D:4:      layout_loops_ring, amcnicky_altar_gilded, tgw_kikubaaqudgha,
          serial_shops, nicolae_shop_advertising_works
          [nicolae_subvault_shop_adworks], grunt_decor_fettered,
          uniq_blork_the_orc, uniq_crazy_yiuf_cottage, uniq_sigmund
D:5:      layout_cave_pools
D:6:      layout_rooms, trog_antimagical, kennysheep_slug_shrine,
          portal_sewer_entry_e, nicolae_underground_beach, uniq_pikel
D:7:      layout_cave_pods, temple_fountains, biasface_ghost_orc_armoury,
          serial_park_tiny_pond
D:8:      layout_loops_ring, nicolae_wu_jian_immortal_techniques,
          lemuel_crystal_altar
D:9:      layout_basic, erik_lair_dragon, uniq_psyche
D:10:     layout_rooms, mainiacjoe_overflow_paths, tso_metal_star,
          lemuel_tele_altar, roderic_malta_cross
D:11:     layout_roguey, zombieorc2_lemuel, uniq_nergalle
D:12:     layout_layer_cave, serial_shops, nicolae_shop_tiny_statue_garden,
          hellmonk_ghost_happy_afterlife
D:13:     layout_loops_corners
D:14:     layout_cave_pools, david_vaults_5, fedhas_altar_1,
          serial_bayou_crossing, uniq_lodul
D:15:     grunt_enter_depths_magical_seal, layout_rooms, serial_ice,
          serial_ice_c, serial_ice_f, serial_ice_d, serial_ice_n, serial_ice_e,
          serial_ice_m, serial_ice_o, serial_ice_k, serial_ice_h, serial_ice_g,
          portal_ice_cave_entry_pillars_1, serial_park_tiny_pond, uniq_jorgrun,
          uniq_azrael
Temple:   nicolae_temple_figure_eight
Lair:1:   gammafunk_cloud_chamber, layout_concentric_octagons,
          beast_lair_carwin_11
Lair:2:   layout_long_grid, elwin_shoals_entry_rooms,
          nicolae_spider_entry_non_spiders, serial_forest,
          infiniplex_forest_straight_2, infiniplex_forest_clump_medium,
          infiniplex_forest_lined_room_, infiniplex_forest_lined_room_,
          infiniplex_forest_diagonal, infiniplex_forest_clump_small,
          infiniplex_forest_straight_3, gauntlet_entry_generic,
          kennysheep_snail_temple
Lair:3:   layout_long_grid, beast_lair_carwin_8, grunt_megastairs_5,
          infiniplex_staircase_pool_2
Lair:4:   layout_cave_pods, kennysheep_basilisk_garden, uniq_snorg, uniq_nessos,
          uniq_josephine
Lair:5:   cheibrodos_lair_end_hotspot, layout_regular_city, slime_entry_1,
          chequers_serial_rivers_large_b
Shoals:1: layout_shoals, uniq_roxanne
Shoals:2: layout_shoals, serial_shops, nicolae_shop_statue_plus,
          lemuel_altar_in_water
Shoals:3: layout_shoals, uniq_donald
Shoals:4: shoals_end_grunt_garden, layout_shoals, nicolae_shoals_undead_eyrie
Spider:1: layout_cave_pods, hangedman_spider_tarantella_strand
Spider:2: layout_spider_delve
Spider:3: layout_spider_delve, spiders_nest_spider_trap
Spider:4: floodkiller_spider_rune_tomb
Orc:1:    layout_caves
Orc:2:    grunt_orc_cross, layout_caves, lightli_church_of_beogh
Vaults:1: v_misc_2, nicolae_vaults_double_plus_1, vaults_room_semicircle,
          nicolae_vaults_puzzle_piece, v_rooms_4, v_pattern_5, vaults_mumra_hex,
          nicolae_vaults_closet_pinwheel_2, nicolae_vaults_diamond_2,
          layout_vaults_omnigrid
Vaults:2: gammafunk_ghost_ooze, nicolae_vaults_spaceships,
          ontoclasm_vaults_gateway, minmay_crypt_entry_simple_walls, v_misc_1,
          vaults_room_fours, v_misc_12, nicolae_vaults_trapezoid_lopsided_2,
          ontoclasm_vaults_idyll, grunt_vaults_twisty, vaults_room_door_ring,
          layout_vaults_omnicross
Vaults:3: nicolae_vaults_network_star, nicolae_vaults_more_shelving_1,
          vaults_dpeg_hooks, v_pattern_2, ontoclasm_vaults_hangar,
          vaults_room_grunt_arrival_ludios, nicolae_vaults_steering_wheel,
          nicolae_vaults_apartment_2, vaults_room_semicircle,
          layout_vaults_chaotic_city, serial_shops, shop
Vaults:4: ontoclasm_vaults_decontamination, hangedman_vaults_hat,
          nicolae_vaults_what_the_h, vaults_dpeg_doors, st_octagons_2,
          hangedman_vaults_slither, v_misc_8, v_misc_14,
          nicolae_vaults_diamond_2, v_rooms_5, nicolae_vaults_storage_closets_2,
          nicolae_vaults_network_s, vaults_room_pools, vaults_room_pool,
          layout_vaults_omnibox, uniq_saint_roka
Depths:1: layout_basic, enter_ziggurat_d, minmay_crystal_water, hell_entry,
          nicolae_uskayaw_murder_on_the_dancefloor

Skill      XL: |  1  2  3  4  5  6  7  8  9 10 11 12 13 14 15 16 17 18 19 20 21 |
---------------+----------------------------------------------------------------+-----
Ranged Weapons | 4 5 6 7 9 10 12 13 14 15 17 19 20 | 20.0
Fighting       | 3 4 5 7 8 9 10 11 12 13 14 16 18 19 20 | 20.0
Dodging        | 3 4 5 6 8 9 11 12 13 14 16 17 | 17.2
Armour         | 1 2 3 5 8 9 10 11 12 | 12.0
Invocations    | 4 5 9 10 | 10.0
Stealth        | |  1.5

Action                     |  1- 3 |  4- 6 |  7- 9 | 10-12 | 13-15 | 16-18 | 19-21 || total
---------------------------+-------+-------+-------+-------+-------+-------+-------++-------
   Fire: Shortbow          |    30 |       |       |       |       |       |       ||    30
         Longbow           |    15 |    52 |   127 |   402 |   960 |  1270 |  1290 ||  4116
 Invoke: Heroism           |       |       |       |    24 |    25 |    36 |    16 ||   101
         Finesse           |       |       |       |       |     7 |    19 |     7 ||    33
Ability: Spit Poison       |    17 |    17 |    29 |    67 |       |       |       ||   130
    Use: Scroll            |     6 |     3 |     5 |    11 |     5 |     6 |     6 ||    42
         Potion            |       |     3 |     2 |     2 |     1 |     7 |       ||    15
 Armour: Leather armour    |     5 |       |     7 |       |       |       |       ||    12
         Robe              |       |       |     4 |   113 |   141 |    11 |       ||   269
         Ring mail         |       |       |       |       |       |   190 |    96 ||   286
  Dodge: Dodged            |     5 |     2 |    12 |   135 |   256 |   444 |   369 ||  1223
  Block: Other             |       |       |       |       |       |   102 |    74 ||   176
         Reflection        |       |       |       |       |       |     8 |    16 ||    24

Table legend:
 A = Non-vault XP
 B = Vault XP
 C = Vault XP percentage of total XP
 D = Non-vault monster count
 E = Vault monster count
 F = Vault count percentage of total count
                 A         B        C        D         E       F
            +---------+---------+-------+---------+---------+-------
      Total |  358946 |  210066 |  36.9 |    1019 |     476 |  31.8
            +---------+---------+-------+---------+---------+-------
        D:1 |      34 |       0 |   0.0 |      16 |       0 |   0.0
        D:2 |      28 |       0 |   0.0 |      12 |       0 |   0.0
        D:3 |      49 |      13 |  21.0 |      16 |       7 |  30.4
        D:4 |     158 |     314 |  66.5 |      22 |       2 |   8.3
        D:5 |     664 |       0 |   0.0 |      15 |       0 |   0.0
        D:6 |    1678 |    1062 |  38.8 |      24 |      13 |  35.1
        D:7 |    1914 |       0 |   0.0 |      46 |       0 |   0.0
        D:8 |    1218 |       0 |   0.0 |      23 |       0 |   0.0
        D:9 |    3745 |    1892 |  33.6 |      44 |       7 |  13.7
       D:10 |    2216 |       0 |   0.0 |      16 |       0 |   0.0
       D:11 |    3376 |     652 |  16.2 |       9 |      35 |  79.5
       D:12 |    9031 |       0 |   0.0 |      33 |       0 |   0.0
       D:13 |    6389 |       0 |   0.0 |      17 |       0 |   0.0
       D:14 |   12149 |    8225 |  40.4 |      26 |      19 |  42.2
       D:15 |   10850 |   10924 |  50.2 |      31 |      37 |  54.4
     Lair:1 |    1557 |     443 |  22.1 |       7 |       3 |  30.0
     Lair:2 |    9429 |    3145 |  25.0 |      34 |      14 |  29.2
     Lair:3 |    3710 |    4497 |  54.8 |      17 |      16 |  48.5
     Lair:4 |   11382 |    4220 |  27.0 |      35 |      10 |  22.2
     Lair:5 |    4607 |    7614 |  62.3 |      11 |      26 |  70.3
   Shoals:1 |   11646 |    1353 |  10.4 |      21 |       1 |   4.5
   Shoals:2 |   10444 |       0 |   0.0 |      20 |       0 |   0.0
   Shoals:3 |   10449 |    1385 |  11.7 |      22 |       1 |   4.3
   Shoals:4 |   15866 |   23052 |  59.2 |      36 |      39 |  52.0
   Spider:1 |   30459 |     283 |   0.9 |      82 |       1 |   1.2
   Spider:2 |   21089 |       0 |   0.0 |      51 |       0 |   0.0
   Spider:3 |   23248 |    2555 |   9.9 |      54 |       8 |  12.9
   Spider:4 |   15288 |   31773 |  67.5 |      33 |      61 |  64.9
      Orc:1 |    2581 |       0 |   0.0 |      25 |       0 |   0.0
      Orc:2 |    3424 |    7730 |  69.3 |      28 |      36 |  56.2
   Vaults:1 |   32482 |   22713 |  41.2 |      46 |      31 |  40.3
   Vaults:2 |   22055 |   13364 |  37.7 |      31 |      17 |  35.4
   Vaults:3 |   27093 |   15154 |  35.9 |      37 |      19 |  33.9
   Vaults:4 |   23049 |   47703 |  67.4 |      42 |      73 |  63.5
   Depths:1 |   25589 |       0 |   0.0 |      37 |       0 |   0.0
            +---------+---------+-------+---------+---------+-------
